Workbook
Name BTopbrengspeil: '[1]W-BT Mielies'!$K$9:$K$14
Name BTopbrengspeil: '[2]W-BT Mielies'!$K$9:$K$14
Name Cultivar: [3]Seedprices!$A$3:$A$49
Name Opbrengspeil: 'Mielie Vermin Bewerk'!$K$9:$K$14
Name Opbrengspeil: 'Yellow-Roundup R mielies '!$K$9:$K$14
Name Price80DP: [3]Seedprices!$B$3:$B$49
Name RRLopbrengspeil: '[4]W-RR mielies Laer opbrengs '!$M$9:$M$14
Name Sojaopbrengspeil: [1]Sojabone!$K$9:$K$13
Name Sojaopbrengspeil: 'Sojabone Vermin bewerk'!$K$9:$K$14
Name Sojaopbrengspeil: Sojabone!#REF!
Name Sojaverminopbrengspeil: 'Sojabone verminderde bewerking'!$K$9:$K$14
Name Sonopbrengspeil: [1]Sonneblom!$K$9:$K$13
Name Sonopbrengspeil: [2]Sonneblom!$K$9:$K$13
Name Sorgopbrengspeil: [1]Graansorghum!$K$9:$K$13
Name Sorgopbrengspeil: Graansorghum!$J$9:$J$13
Name Verminopbrengspeil: 'W-BT Mielies vermin till'!$K$9:$K$14

Sheet Pryse + Sensatiwiteitsanalise
A1: OOSTELIKE HOEVELD / EASTERN HIGHVELD | D1: 2026/27 season
A2: Datum opgedateer / Date updated | B2: 46269
A3: Gewas | B3: SAFEX pryse (R/ton) | D3: Total deductions (R/ton)
A4: Geel Mielies / Yellow Maize- Jul 27 | B4: 4177 | D4: 406.25
A5: Sojabone / Soybeans- Mei 27 | B5: 8345 | D5: 259.17
A6: Graansorghum / Grain sorghum | B6: 3500 | D6: 92.25
A10: ROUNDUP READY MIELIES / MAIZE | D10: MIELIES: SENSITIWITEITSANALISE - TOTALE KOSTES ( DIREKTE KOSTE + VASTE KOSTE) R/ton | P10: MIELIES: SENSITIWITEITSANALISE - TOTALE KOSTES ( DIREKTE KOSTE + VASTE KOSTE) R/ton | AE10: MIELIES: SENSITIWITEITSANALISE - DIREKTE KOSTE R/ton
A11: Lopendekoste / Variable cost (R/ha) | B11: ='Crop Comparison'!B28 -> 25065.098 | J11: Huidig | V11: Huidig | AK11: Huidig
A12: Oorhoofse koste / Overhead cost (R/ha) | B12: ='Crop Comparison'!B30 -> 8315.9 | D12: SAFEX prys / price(R/ton) | F12: =G12-250 -> 3177 | G12: =H12-250 -> 3427 | H12: =I12-250 -> 3677 | I12: =J12-250 -> 3927 | J12: =B17 -> 4177 | K12: =J12+250 -> 4427 | L12: =K12+250 -> 4677 | M12: =L12+250 -> 4927 | N12: =M12+250 -> 5177 | P12: SAFEX prys / price(R/ton) | R12: =F12 -> 3177 | S12: =G12 -> 3427 | T12: =H12 -> 3677 | U12: =I12 -> 3927 | V12: =J12 -> 4177 | W12: =K12 -> 4427 | X12: =L12 -> 4677 | Y12: =M12 -> 4927 | Z12: =N12 -> 5177 | AE12: SAFEX prys / price(R/ton) | AG12: =AH12-250 -> 3177 | AH12: =AI12-250 -> 3427 | AI12: =AJ12-250 -> 3677 | AJ12: =AK12-250 -> 3927 | AK12: =J12 -> 4177 | AL12: =AK12+250 -> 4427 | AM12: =AL12+250 -> 4677 | AN12: =AM12+250 -> 4927 | AO12: =AN12+250 -> 5177
A13: Totale Koste / Total cost (R/ha) | B13: =B12+B11 -> 33380.998 | D13: Produsenteprys/ Producer price | F13: =F12-$B$18 -> 2770.75 | G13: =G12-$B$18 -> 3020.75 | H13: =H12-$B$18 -> 3270.75 | I13: =I12-$B$18 -> 3520.75 | J13: =J12-$B$18 -> 3770.75 | K13: =K12-$B$18 -> 4020.75 | L13: =L12-$B$18 -> 4270.75 | M13: =M12-$B$18 -> 4520.75 | N13: =N12-$B$18 -> 4770.75 | P13: Produsenteprys/ Producer price | R13: =R12-$B$18 -> 2770.75 | S13: =S12-$B$18 -> 3020.75 | T13: =T12-$B$18 -> 3270.75 | U13: =U12-$B$18 -> 3520.75 | V13: =V12-$B$18 -> 3770.75 | W13: =W12-$B$18 -> 4020.75 | X13: =X12-$B$18 -> 4270.75 | Y13: =Y12-$B$18 -> 4520.75 | Z13: =Z12-$B$18 -> 4770.75 | AE13: Produsenteprys/ Producer price | AG13: =AG12-$B$18 -> 2770.75 | AH13: =AH12-$B$18 -> 3020.75 | AI13: =AI12-$B$18 -> 3270.75 | AJ13: =AJ12-$B$18 -> 3520.75 | AK13: =AK12-$B$18 -> 3770.75 | AL13: =AL12-$B$18 -> 4020.75 | AM13: =AM12-$B$18 -> 4270.75 | AN13: =AN12-$B$18 -> 4520.75 | AO13: =AO12-$B$18 -> 4770.75
D14: Opbrengs / Yield (t/ha) | E14: =E15-0.5 -> 6.26 | F14: =F$13-($B$13/$E14) -> -2561.6777 | G14: =G$13-($B$13/$E14) -> -2311.6777 | H14: =H$13-($B$13/$E14) -> -2061.6777 | I14: =I$13-($B$13/$E14) -> -1811.6777 | J14: =J$13-($B$13/$E14) -> -1561.6777 | K14: =K$13-($B$13/$E14) -> -1311.6777 | L14: =L$13-($B$13/$E14) -> -1061.6777 | M14: =M$13-($B$13/$E14) -> -811.67773 | N14: =N$13-($B$13/$E14) -> -561.67773 | P14: Opbrengs / Yield (t/ha) | Q14: =E14 -> 6.26 | R14: =(Q14*$R$13)-$B$13 -> -16036.103 | S14: =(Q14*$S$13)-$B$13 -> -14471.103 | T14: =(Q14*$T$13)-$B$13 -> -12906.103 | U14: =(Q14*$U$13)-$B$13 -> -11341.103 | V14: =(Q14*$V$13)-$B$13 -> -9776.1026 | W14: =(Q14*$W$13)-$B$13 -> -8211.1026 | X14: =(Q14*$X$13)-$B$13 -> -6646.1026 | Y14: =(Q14*$Y$13)-$B$13 -> -5081.1026 | Z14: =(Q14*$Z$13)-$B$13 -> -3516.1026 | AE14: Opbrengs / Yield (t/ha) | AF14: =AF15-0.5 -> 6.26 | AG14: =AG$13-($B$11/$E14) -> -1233.2592 | AH14: =AH$13-($B$11/$E14) -> -983.2592 | AI14: =AI$13-($B$11/$E14) -> -733.2592 | AJ14: =AJ$13-($B$11/$E14) -> -483.2592 | AK14: =AK$13-($B$11/$E14) -> -233.2592 | AL14: =AL$13-($B$11/$E14) -> 16.7408 | AM14: =AM$13-($B$11/$E14) -> 266.7408 | AN14: =AN$13-($B$11/$E14) -> 516.7408 | AO14: =AO$13-($B$11/$E14) -> 766.7408
A15: Gemid Opbrengs / Average Yield (t/ha) | B15: 7.26 | E15: =E16-0.5 -> 6.76 | F15: =F$13-($B$13/$E15) -> -2167.2674 | G15: =G$13-($B$13/$E15) -> -1917.2674 | H15: =H$13-($B$13/$E15) -> -1667.2674 | I15: =I$13-($B$13/$E15) -> -1417.2674 | J15: =J$13-($B$13/$E15) -> -1167.2674 | K15: =K$13-($B$13/$E15) -> -917.2674 | L15: =L$13-($B$13/$E15) -> -667.2674 | M15: =M$13-($B$13/$E15) -> -417.2674 | N15: =N$13-($B$13/$E15) -> -167.2674 | Q15: =E15 -> 6.76 | R15: =(Q15*$R$13)-$B$13 -> -14650.728 | S15: =(Q15*$S$13)-$B$13 -> -12960.728 | T15: =(Q15*$T$13)-$B$13 -> -11270.728 | U15: =(Q15*$U$13)-$B$13 -> -9580.7276 | V15: =(Q15*$V$13)-$B$13 -> -7890.7276 | W15: =(Q15*$W$13)-$B$13 -> -6200.7276 | X15: =(Q15*$X$13)-$B$13 -> -4510.7276 | Y15: =(Q15*$Y$13)-$B$13 -> -2820.7276 | Z15: =(Q15*$Z$13)-$B$13 -> -1130.7276 | AF15: =AF16-0.5 -> 6.76 | AG15: =AG$13-($B$11/$E15) -> -937.10467 | AH15: =AH$13-($B$11/$E15) -> -687.10467 | AI15: =AI$13-($B$11/$E15) -> -437.10467 | AJ15: =AJ$13-($B$11/$E15) -> -187.10467 | AK15: =AK$13-($B$11/$E15) -> 62.895326 | AL15: =AL$13-($B$11/$E15) -> 312.89533 | AM15: =AM$13-($B$11/$E15) -> 562.89533 | AN15: =AN$13-($B$11/$E15) -> 812.89533 | AO15: =AO$13-($B$11/$E15) -> 1062.8953
E16: =B15 -> 7.26 | F16: =F$13-($B$13/$E16) -> -1827.1836 | G16: =G$13-($B$13/$E16) -> -1577.1836 | H16: =H$13-($B$13/$E16) -> -1327.1836 | I16: =I$13-($B$13/$E16) -> -1077.1836 | J16: =J$13-($B$13/$E16) -> -827.18355 | K16: =K$13-($B$13/$E16) -> -577.18355 | L16: =L$13-($B$13/$E16) -> -327.18355 | M16: =M$13-($B$13/$E16) -> -77.183553 | N16: =N$13-($B$13/$E16) -> 172.81645 | Q16: =E16 -> 7.26 | R16: =(Q16*$R$13)-$B$13 -> -13265.353 | S16: =(Q16*$S$13)-$B$13 -> -11450.353 | T16: =(Q16*$T$13)-$B$13 -> -9635.3526 | U16: =(Q16*$U$13)-$B$13 -> -7820.3526 | V16: =($Q$16*V13)-$B$13 -> -6005.3526 | W16: =(Q16*$W$13)-$B$13 -> -4190.3526 | X16: =(Q16*$X$13)-$B$13 -> -2375.3526 | Y16: =(Q16*$Y$13)-$B$13 -> -560.35259 | Z16: =(Q16*$Z$13)-$B$13 -> 1254.6474 | AF16: =E16 -> 7.26 | AG16: =AG$13-($B$11/$E16) -> -681.74278 | AH16: =AH$13-($B$11/$E16) -> -431.74278 | AI16: =AI$13-($B$11/$E16) -> -181.74278 | AJ16: =AJ$13-($B$11/$E16) -> 68.257218 | AK16: =AK$13-($B$11/$E16) -> 318.25722 | AL16: =AL$13-($B$11/$E16) -> 568.25722 | AM16: =AM$13-($B$11/$E16) -> 818.25722 | AN16: =AN$13-($B$11/$E16) -> 1068.2572 | AO16: =AO$13-($B$11/$E16) -> 1318.2572
A17: SAFEX Jul'27 WM 1 prys/price (R/ton) | B17: =$B$4 -> 4177 | E17: =E16+0.5 -> 7.76 | F17: =F$13-($B$13/$E17) -> -1530.9249 | G17: =G$13-($B$13/$E17) -> -1280.9249 | H17: =H$13-($B$13/$E17) -> -1030.9249 | I17: =I$13-($B$13/$E17) -> -780.92495 | J17: =J$13-($B$13/$E17) -> -530.92495 | K17: =K$13-($B$13/$E17) -> -280.92495 | L17: =L$13-($B$13/$E17) -> -30.924948 | M17: =M$13-($B$13/$E17) -> 219.07505 | N17: =N$13-($B$13/$E17) -> 469.07505 | Q17: =E17 -> 7.76 | R17: =(Q17*$R$13)-$B$13 -> -11879.978 | S17: =(Q17*$S$13)-$B$13 -> -9939.9776 | T17: =(Q17*$T$13)-$B$13 -> -7999.9776 | U17: =(Q17*$U$13)-$B$13 -> -6059.9776 | V17: =(Q17*$V$13)-$B$13 -> -4119.9776 | W17: =(Q17*$W$13)-$B$13 -> -2179.9776 | X17: =(Q17*$X$13)-$B$13 -> -239.97759 | Y17: =(Q17*$Y$13)-$B$13 -> 1700.0224 | Z17: =(Q17*$Z$13)-$B$13 -> 3640.0224 | AF17: =AF16+0.5 -> 7.76 | AG17: =AG$13-($B$11/$E17) -> -459.28835 | AH17: =AH$13-($B$11/$E17) -> -209.28835 | AI17: =AI$13-($B$11/$E17) -> 40.71165 | AJ17: =AJ$13-($B$11/$E17) -> 290.71165 | AK17: =AK$13-($B$11/$E17) -> 540.71165 | AL17: =AL$13-($B$11/$E17) -> 790.71165 | AM17: =AM$13-($B$11/$E17) -> 1040.7117 | AN17: =AN$13-($B$11/$E17) -> 1290.7117 | AO17: =AO$13-($B$11/$E17) -> 1540.7117
A18: Aftrekkings / Deductions | B18: =D4 -> 406.25 | E18: =E17+0.5 -> 8.26 | F18: =F$13-($B$13/$E18) -> -1270.533 | G18: =G$13-($B$13/$E18) -> -1020.533 | H18: =H$13-($B$13/$E18) -> -770.533 | I18: =I$13-($B$13/$E18) -> -520.533 | J18: =J$13-($B$13/$E18) -> -270.533 | K18: =K$13-($B$13/$E18) -> -20.533002 | L18: =L$13-($B$13/$E18) -> 229.467 | M18: =M$13-($B$13/$E18) -> 479.467 | N18: =N$13-($B$13/$E18) -> 729.467 | Q18: =E18 -> 8.26 | R18: =(Q18*$R$13)-$B$13 -> -10494.603 | S18: =(Q18*$S$13)-$B$13 -> -8429.6026 | T18: =(Q18*$T$13)-$B$13 -> -6364.6026 | U18: =(Q18*$U$13)-$B$13 -> -4299.6026 | V18: =(Q18*$V$13)-$B$13 -> -2234.6026 | W18: =(Q18*$W$13)-$B$13 -> -169.60259 | X18: =(Q18*$X$13)-$B$13 -> 1895.3974 | Y18: =(Q18*$Y$13)-$B$13 -> 3960.3974 | Z18: =(Q18*$Z$13)-$B$13 -> 6025.3974 | AF18: =AF17+0.5 -> 8.26 | AG18: =AG$13-($B$11/$E18) -> -263.76545 | AH18: =AH$13-($B$11/$E18) -> -13.765447 | AI18: =AI$13-($B$11/$E18) -> 236.23455 | AJ18: =AJ$13-($B$11/$E18) -> 486.23455 | AK18: =AK$13-($B$11/$E18) -> 736.23455 | AL18: =AL$13-($B$11/$E18) -> 986.23455 | AM18: =AM$13-($B$11/$E18) -> 1236.2346 | AN18: =AN$13-($B$11/$E18) -> 1486.2346 | AO18: =AO$13-($B$11/$E18) -> 1736.2346
A19: Produsenteprys/ Producer price (R/ton) | B19: =B17-B18 -> 3770.75
A23: BT MIELIES VERMINDERDE BEWERKING / BT MAIZE MIN TILLAGE | D23: MIELIES: SENSITIWITEITSANALISE - TOTALE KOSTES ( DIREKTE KOSTE + VASTE KOSTE) R/ton | AE23: MIELIES: SENSITIWITEITSANALISE - DIREKTE KOSTE R/ton
A24: Lopendekoste / Variable cost (R/ha) | B24: ='Mielie Vermin Bewerk'!G26 -> 21357.88 | J24: Huidig | AK24: Huidig
A25: Oorhoofse koste / Overhead cost (R/ha) | B25: ='Mielie Vermin Bewerk'!G28 -> 5431.87 | D25: SAFEX prys / price(R/ton) | F25: =G25-250 -> 3177 | G25: =H25-250 -> 3427 | H25: =I25-250 -> 3677 | I25: =J25-250 -> 3927 | J25: =B30 -> 4177 | K25: =J25+250 -> 4427 | L25: =K25+250 -> 4677 | M25: =L25+250 -> 4927 | N25: =M25+250 -> 5177 | AE25: SAFEX prys / price(R/ton) | AG25: =AH25-250 -> 3177 | AH25: =AI25-250 -> 3427 | AI25: =AJ25-250 -> 3677 | AJ25: =AK25-250 -> 3927 | AK25: =J25 -> 4177 | AL25: =AK25+250 -> 4427 | AM25: =AL25+250 -> 4677 | AN25: =AM25+250 -> 4927 | AO25: =AN25+250 -> 5177
A26: Totale Koste / Total cost (R/ha) | B26: =B25+B24 -> 26789.75 | D26: Produsenteprys/ Producer price | F26: =F25-$B$18 -> 2770.75 | G26: =G25-$B$18 -> 3020.75 | H26: =H25-$B$18 -> 3270.75 | I26: =I25-$B$18 -> 3520.75 | J26: =J25-$B$18 -> 3770.75 | K26: =K25-$B$18 -> 4020.75 | L26: =L25-$B$18 -> 4270.75 | M26: =M25-$B$18 -> 4520.75 | N26: =N25-$B$18 -> 4770.75 | AE26: Produsenteprys/ Producer price | AG26: =AG25-$B$18 -> 2770.75 | AH26: =AH25-$B$18 -> 3020.75 | AI26: =AI25-$B$18 -> 3270.75 | AJ26: =AJ25-$B$18 -> 3520.75 | AK26: =AK25-$B$18 -> 3770.75 | AL26: =AL25-$B$18 -> 4020.75 | AM26: =AM25-$B$18 -> 4270.75 | AN26: =AN25-$B$18 -> 4520.75 | AO26: =AO25-$B$18 -> 4770.75
D27: Opbrengs / Yield (t/ha) | E27: =E28-0.5 -> 5 | F27: =F$13-($B$26/$E27) -> -2587.2 | G27: =G$13-($B$26/$E27) -> -2337.2 | H27: =H$13-($B$26/$E27) -> -2087.2 | I27: =I$13-($B$26/$E27) -> -1837.2 | J27: =J$13-($B$26/$E27) -> -1587.2 | K27: =K$13-($B$26/$E27) -> -1337.2 | L27: =L$13-($B$26/$E27) -> -1087.2 | M27: =M$13-($B$26/$E27) -> -837.19998 | N27: =N$13-($B$26/$E27) -> -587.19998 | AE27: Opbrengs / Yield (t/ha) | AF27: =AF28-0.5 -> 5 | AG27: =AG$13-($B$24/$E27) -> -1500.826 | AH27: =AH$13-($B$24/$E27) -> -1250.826 | AI27: =AI$13-($B$24/$E27) -> -1000.826 | AJ27: =AJ$13-($B$24/$E27) -> -750.82598 | AK27: =AK$13-($B$24/$E27) -> -500.82598 | AL27: =AL$13-($B$24/$E27) -> -250.82598 | AM27: =AM$13-($B$24/$E27) -> -0.82597905 | AN27: =AN$13-($B$24/$E27) -> 249.17402 | AO27: =AO$13-($B$24/$E27) -> 499.17402
A28: Gemid Opbrengs / Average Yield (t/ha) | B28: 6 | E28: =E29-0.5 -> 5.5 | F28: =F$13-($B$26/$E28) -> -2100.1136 | G28: =G$13-($B$26/$E28) -> -1850.1136 | H28: =H$13-($B$26/$E28) -> -1600.1136 | I28: =I$13-($B$26/$E28) -> -1350.1136 | J28: =J$13-($B$26/$E28) -> -1100.1136 | K28: =K$13-($B$26/$E28) -> -850.11362 | L28: =L$13-($B$26/$E28) -> -600.11362 | M28: =M$13-($B$26/$E28) -> -350.11362 | N28: =N$13-($B$26/$E28) -> -100.11362 | AF28: =AF29-0.5 -> 5.5 | AG28: =AG$13-($B$24/$E28) -> -1112.5009 | AH28: =AH$13-($B$24/$E28) -> -862.50089 | AI28: =AI$13-($B$24/$E28) -> -612.50089 | AJ28: =AJ$13-($B$24/$E28) -> -362.50089 | AK28: =AK$13-($B$24/$E28) -> -112.50089 | AL28: =AL$13-($B$24/$E28) -> 137.49911 | AM28: =AM$13-($B$24/$E28) -> 387.49911 | AN28: =AN$13-($B$24/$E28) -> 637.49911 | AO28: =AO$13-($B$24/$E28) -> 887.49911
E29: =B28 -> 6 | F29: =F$13-($B$26/$E29) -> -1694.2083 | G29: =G$13-($B$26/$E29) -> -1444.2083 | H29: =H$13-($B$26/$E29) -> -1194.2083 | I29: =I$13-($B$26/$E29) -> -944.20832 | J29: =J$13-($B$26/$E29) -> -694.20832 | K29: =K$13-($B$26/$E29) -> -444.20832 | L29: =L$13-($B$26/$E29) -> -194.20832 | M29: =M$13-($B$26/$E29) -> 55.791684 | N29: =N$13-($B$26/$E29) -> 305.79168 | AF29: =E29 -> 6 | AG29: =AG$13-($B$24/$E29) -> -788.89665 | AH29: =AH$13-($B$24/$E29) -> -538.89665 | AI29: =AI$13-($B$24/$E29) -> -288.89665 | AJ29: =AJ$13-($B$24/$E29) -> -38.896649 | AK29: =AK$13-($B$24/$E29) -> 211.10335 | AL29: =AL$13-($B$24/$E29) -> 461.10335 | AM29: =AM$13-($B$24/$E29) -> 711.10335 | AN29: =AN$13-($B$24/$E29) -> 961.10335 | AO29: =AO$13-($B$24/$E29) -> 1211.1034
A30: SAFEX Jul'27 WM 1 prys/price (R/ton) | B30: =$B$4 -> 4177 | E30: =E29+0.5 -> 6.5 | F30: =F$13-($B$26/$E30) -> -1350.75 | G30: =G$13-($B$26/$E30) -> -1100.75 | H30: =H$13-($B$26/$E30) -> -850.74998 | I30: =I$13-($B$26/$E30) -> -600.74998 | J30: =J$13-($B$26/$E30) -> -350.74998 | K30: =K$13-($B$26/$E30) -> -100.74998 | L30: =L$13-($B$26/$E30) -> 149.25002 | M30: =M$13-($B$26/$E30) -> 399.25002 | N30: =N$13-($B$26/$E30) -> 649.25002 | AF30: =AF29+0.5 -> 6.5 | AG30: =AG$13-($B$24/$E30) -> -515.07768 | AH30: =AH$13-($B$24/$E30) -> -265.07768 | AI30: =AI$13-($B$24/$E30) -> -15.077676 | AJ30: =AJ$13-($B$24/$E30) -> 234.92232 | AK30: =AK$13-($B$24/$E30) -> 484.92232 | AL30: =AL$13-($B$24/$E30) -> 734.92232 | AM30: =AM$13-($B$24/$E30) -> 984.92232 | AN30: =AN$13-($B$24/$E30) -> 1234.9223 | AO30: =AO$13-($B$24/$E30) -> 1484.9223
A31: Aftrekkings / Deductions | B31: ='W-BT Mielies vermin till'!F33 -> 406.25 | E31: =E30+0.5 -> 7 | F31: =F$13-($B$26/$E31) -> -1056.3571 | G31: =G$13-($B$26/$E31) -> -806.35713 | H31: =H$13-($B$26/$E31) -> -556.35713 | I31: =I$13-($B$26/$E31) -> -306.35713 | J31: =J$13-($B$26/$E31) -> -56.357128 | K31: =K$13-($B$26/$E31) -> 193.64287 | L31: =L$13-($B$26/$E31) -> 443.64287 | M31: =M$13-($B$26/$E31) -> 693.64287 | N31: =N$13-($B$26/$E31) -> 943.64287 | AF31: =AF30+0.5 -> 7 | AG31: =AG$13-($B$24/$E31) -> -280.3757 | AH31: =AH$13-($B$24/$E31) -> -30.375699 | AI31: =AI$13-($B$24/$E31) -> 219.6243 | AJ31: =AJ$13-($B$24/$E31) -> 469.6243 | AK31: =AK$13-($B$24/$E31) -> 719.6243 | AL31: =AL$13-($B$24/$E31) -> 969.6243 | AM31: =AM$13-($B$24/$E31) -> 1219.6243 | AN31: =AN$13-($B$24/$E31) -> 1469.6243 | AO31: =AO$13-($B$24/$E31) -> 1719.6243
A32: Produsenteprys/ Producer price (R/ton) | B32: =B30-B31 -> 3770.75
A36: SOJABONE / SOYBEANS | D36: SOJABONE: SENSITIWITEITSANALISE - TOTALE KOSTES ( DIREKTE KOSTE + VASTE KOSTE) R/ton | AE36: SOJABONE: SENSITIWITEITSANALISE - DIREKTE KOSTE R/ton
A37: Lopendekoste / Variable cost (R/ha) | B37: ='Crop Comparison'!C28 -> 14968.44 | J37: Huidige | AK37: Huidige
A38: Oorhoofse koste / Overhead cost (R/ha) | B38: ='Crop Comparison'!C30 -> 7127.57 | D38: SAFEX prys / price(R/ton) | F38: =G38-200 -> 7545 | G38: =H38-200 -> 7745 | H38: =I38-200 -> 7945 | I38: =J38-200 -> 8145 | J38: =B43 -> 8345 | K38: =J38+200 -> 8545 | L38: =K38+200 -> 8745 | M38: =L38+200 -> 8945 | N38: =M38+200 -> 9145 | AE38: SAFEX prys / price(R/ton) | AG38: =AH38-200 -> 7545 | AH38: =AI38-200 -> 7745 | AI38: =AJ38-200 -> 7945 | AJ38: =AK38-200 -> 8145 | AK38: =J38 -> 8345 | AL38: =AK38+200 -> 8545 | AM38: =AL38+200 -> 8745 | AN38: =AM38+200 -> 8945 | AO38: =AN38+200 -> 9145
A39: Totale Koste / Total cost (R/ha) | B39: =B38+B37 -> 22096.01 | D39: Produsenteprys/ Producer price | F39: =F38-$B$44 -> 7285.83 | G39: =G38-$B$44 -> 7485.83 | H39: =H38-$B$44 -> 7685.83 | I39: =I38-$B$44 -> 7885.83 | J39: =J38-$B$44 -> 8085.83 | K39: =K38-$B$44 -> 8285.83 | L39: =L38-$B$44 -> 8485.83 | M39: =M38-$B$44 -> 8685.83 | N39: =N38-$B$44 -> 8885.83 | AE39: Produsenteprys/ Producer price | AG39: =AG38-$B$44 -> 7285.83 | AH39: =AH38-$B$44 -> 7485.83 | AI39: =AI38-$B$44 -> 7685.83 | AJ39: =AJ38-$B$44 -> 7885.83 | AK39: =AK38-$B$44 -> 8085.83 | AL39: =AL38-$B$44 -> 8285.83 | AM39: =AM38-$B$44 -> 8485.83 | AN39: =AN38-$B$44 -> 8685.83 | AO39: =AO38-$B$44 -> 8885.83
D40: Opbrengs / Yield (t/ha) | E40: =E41-0.25 -> 1.7 | F40: =F$39-($B$39/$E40) -> -5711.8229 | G40: =G$39-($B$39/$E40) -> -5511.8229 | H40: =H$39-($B$39/$E40) -> -5311.8229 | I40: =I$39-($B$39/$E40) -> -5111.8229 | J40: =J$39-($B$39/$E40) -> -4911.8229 | K40: =K$39-($B$39/$E40) -> -4711.8229 | L40: =L$39-($B$39/$E40) -> -4511.8229 | M40: =M$39-($B$39/$E40) -> -4311.8229 | N40: =N$39-($B$39/$E40) -> -4111.8229 | AE40: Opbrengs / Yield (t/ha) | AF40: =AF41-0.25 -> 1.7 | AG40: =AG$39-($B$37/$E40) -> -1519.1347 | AH40: =AH$39-($B$37/$E40) -> -1319.1347 | AI40: =AI$39-($B$37/$E40) -> -1119.1347 | AJ40: =AJ$39-($B$37/$E40) -> -919.13471 | AK40: =AK$39-($B$37/$E40) -> -719.13471 | AL40: =AL$39-($B$37/$E40) -> -519.13471 | AM40: =AM$39-($B$37/$E40) -> -319.13471 | AN40: =AN$39-($B$37/$E40) -> -119.13471 | AO40: =AO$39-($B$37/$E40) -> 80.865288
A41: Gemid Opbrengs / Average Yield (t/ha) | B41: 2.2 | E41: =E42-0.25 -> 1.95 | F41: =F$39-($B$39/$E41) -> -4045.4572 | G41: =G$39-($B$39/$E41) -> -3845.4572 | H41: =H$39-($B$39/$E41) -> -3645.4572 | I41: =I$39-($B$39/$E41) -> -3445.4572 | J41: =J$39-($B$39/$E41) -> -3245.4572 | K41: =K$39-($B$39/$E41) -> -3045.4572 | L41: =L$39-($B$39/$E41) -> -2845.4572 | M41: =M$39-($B$39/$E41) -> -2645.4572 | N41: =N$39-($B$39/$E41) -> -2445.4572 | AF41: =AF42-0.25 -> 1.95 | AG41: =AG$39-($B$37/$E41) -> -390.29308 | AH41: =AH$39-($B$37/$E41) -> -190.29308 | AI41: =AI$39-($B$37/$E41) -> 9.7069178 | AJ41: =AJ$39-($B$37/$E41) -> 209.70692 | AK41: =AK$39-($B$37/$E41) -> 409.70692 | AL41: =AL$39-($B$37/$E41) -> 609.70692 | AM41: =AM$39-($B$37/$E41) -> 809.70692 | AN41: =AN$39-($B$37/$E41) -> 1009.7069 | AO41: =AO$39-($B$37/$E41) -> 1209.7069
E42: =B41 -> 2.2 | F42: =F$39-($B$39/$E42) -> -2757.8109 | G42: =G$39-($B$39/$E42) -> -2557.8109 | H42: =H$39-($B$39/$E42) -> -2357.8109 | I42: =I$39-($B$39/$E42) -> -2157.8109 | J42: =J$39-($B$39/$E42) -> -1957.8109 | K42: =K$39-($B$39/$E42) -> -1757.8109 | L42: =L$39-($B$39/$E42) -> -1557.8109 | M42: =M$39-($B$39/$E42) -> -1357.8109 | N42: =N$39-($B$39/$E42) -> -1157.8109 | AF42: =E42 -> 2.2 | AG42: =AG$39-($B$37/$E42) -> 481.99363 | AH42: =AH$39-($B$37/$E42) -> 681.99363 | AI42: =AI$39-($B$37/$E42) -> 881.99363 | AJ42: =AJ$39-($B$37/$E42) -> 1081.9936 | AK42: =AK$39-($B$37/$E42) -> 1281.9936 | AL42: =AL$39-($B$37/$E42) -> 1481.9936 | AM42: =AM$39-($B$37/$E42) -> 1681.9936 | AN42: =AN$39-($B$37/$E42) -> 1881.9936 | AO42: =AO$39-($B$37/$E42) -> 2081.9936
A43: SAFEX Mei'27 Soy prys/price (R/ton) | B43: =B5 -> 8345 | E43: =E42+0.25 -> 2.45 | F43: =F$39-($B$39/$E43) -> -1732.9496 | G43: =G$39-($B$39/$E43) -> -1532.9496 | H43: =H$39-($B$39/$E43) -> -1332.9496 | I43: =I$39-($B$39/$E43) -> -1132.9496 | J43: =J$39-($B$39/$E43) -> -932.9496 | K43: =K$39-($B$39/$E43) -> -732.9496 | L43: =L$39-($B$39/$E43) -> -532.9496 | M43: =M$39-($B$39/$E43) -> -332.9496 | N43: =N$39-($B$39/$E43) -> -132.9496 | AF43: =AF42+0.25 -> 2.45 | AG43: =AG$39-($B$37/$E43) -> 1176.2626 | AH43: =AH$39-($B$37/$E43) -> 1376.2626 | AI43: =AI$39-($B$37/$E43) -> 1576.2626 | AJ43: =AJ$39-($B$37/$E43) -> 1776.2626 | AK43: =AK$39-($B$37/$E43) -> 1976.2626 | AL43: =AL$39-($B$37/$E43) -> 2176.2626 | AM43: =AM$39-($B$37/$E43) -> 2376.2626 | AN43: =AN$39-($B$37/$E43) -> 2576.2626 | AO43: =AO$39-($B$37/$E43) -> 2776.2626
A44: Aftrekkings / Deductions | B44: =Sojabone!F34 -> 259.17 | E44: =E43+0.25 -> 2.7 | F44: =F$39-($B$39/$E44) -> -897.87741 | G44: =G$39-($B$39/$E44) -> -697.87741 | H44: =H$39-($B$39/$E44) -> -497.87741 | I44: =I$39-($B$39/$E44) -> -297.87741 | J44: =J$39-($B$39/$E44) -> -97.877411 | K44: =K$39-($B$39/$E44) -> 102.12259 | L44: =L$39-($B$39/$E44) -> 302.12259 | M44: =M$39-($B$39/$E44) -> 502.12259 | N44: =N$39-($B$39/$E44) -> 702.12259 | AF44: =AF43+0.25 -> 2.7 | AG44: =AG$39-($B$37/$E44) -> 1741.9633 | AH44: =AH$39-($B$37/$E44) -> 1941.9633 | AI44: =AI$39-($B$37/$E44) -> 2141.9633 | AJ44: =AJ$39-($B$37/$E44) -> 2341.9633 | AK44: =AK$39-($B$37/$E44) -> 2541.9633 | AL44: =AL$39-($B$37/$E44) -> 2741.9633 | AM44: =AM$39-($B$37/$E44) -> 2941.9633 | AN44: =AN$39-($B$37/$E44) -> 3141.9633 | AO44: =AO$39-($B$37/$E44) -> 3341.9633
A45: Produsenteprys/ Producer price (R/ton) | B45: =B43-B44 -> 8085.83
A49: SOJABONE VERMINDERDE BEWERKING / SOYBEANS MIN TILLAGE | D49: SOJABONE: SENSITIWITEITSANALISE - TOTALE KOSTES ( DIREKTE KOSTE + VASTE KOSTE) R/ton | AE49: SOJABONE: SENSITIWITEITSANALISE - DIREKTE KOSTE R/ton
A50: Lopendekoste / Variable cost (R/ha) | B50: ='Sojabone Vermin bewerk'!F26 -> 14454.816 | J50: Huidige | AK50: Huidige
A51: Oorhoofse koste / Overhead cost (R/ha) | B51: ='Sojabone Vermin bewerk'!F28 -> 4159.01 | D51: SAFEX prys / price(R/ton) | F51: =G51-200 -> 7545 | G51: =H51-200 -> 7745 | H51: =I51-200 -> 7945 | I51: =J51-200 -> 8145 | J51: =B56 -> 8345 | K51: =J51+200 -> 8545 | L51: =K51+200 -> 8745 | M51: =L51+200 -> 8945 | N51: =M51+200 -> 9145 | AE51: SAFEX prys / price(R/ton) | AG51: =AH51-200 -> 7545 | AH51: =AI51-200 -> 7745 | AI51: =AJ51-200 -> 7945 | AJ51: =AK51-200 -> 8145 | AK51: =J51 -> 8345 | AL51: =AK51+200 -> 8545 | AM51: =AL51+200 -> 8745 | AN51: =AM51+200 -> 8945 | AO51: =AN51+200 -> 9145
A52: Totale Koste / Total cost (R/ha) | B52: =B51+B50 -> 18613.826 | D52: Produsenteprys/ Producer price | F52: =F51-$B$44 -> 7285.83 | G52: =G51-$B$44 -> 7485.83 | H52: =H51-$B$44 -> 7685.83 | I52: =I51-$B$44 -> 7885.83 | J52: =J51-$B$44 -> 8085.83 | K52: =K51-$B$44 -> 8285.83 | L52: =L51-$B$44 -> 8485.83 | M52: =M51-$B$44 -> 8685.83 | N52: =N51-$B$44 -> 8885.83 | AE52: Produsenteprys/ Producer price | AG52: =AG51-$B$44 -> 7285.83 | AH52: =AH51-$B$44 -> 7485.83 | AI52: =AI51-$B$44 -> 7685.83 | AJ52: =AJ51-$B$44 -> 7885.83 | AK52: =AK51-$B$44 -> 8085.83 | AL52: =AL51-$B$44 -> 8285.83 | AM52: =AM51-$B$44 -> 8485.83 | AN52: =AN51-$B$44 -> 8685.83 | AO52: =AO51-$B$44 -> 8885.83
D53: Opbrengs / Yield (t/ha) | E53: =E54-0.25 -> 1.5 | F53: =F$39-($B$52/$E53) -> -5123.3872 | G53: =G$39-($B$52/$E53) -> -4923.3872 | H53: =H$39-($B$52/$E53) -> -4723.3872 | I53: =I$39-($B$52/$E53) -> -4523.3872 | J53: =J$39-($B$52/$E53) -> -4323.3872 | K53: =K$39-($B$52/$E53) -> -4123.3872 | L53: =L$39-($B$52/$E53) -> -3923.3872 | M53: =M$39-($B$52/$E53) -> -3723.3872 | N53: =N$39-($B$52/$E53) -> -3523.3872 | AE53: Opbrengs / Yield (t/ha) | AF53: =AF54-0.25 -> 1.5 | AG53: =AG$39-($B$50/$E53) -> -2350.7139 | AH53: =AH$39-($B$50/$E53) -> -2150.7139 | AI53: =AI$39-($B$50/$E53) -> -1950.7139 | AJ53: =AJ$39-($B$50/$E53) -> -1750.7139 | AK53: =AK$39-($B$50/$E53) -> -1550.7139 | AL53: =AL$39-($B$50/$E53) -> -1350.7139 | AM53: =AM$39-($B$50/$E53) -> -1150.7139 | AN53: =AN$39-($B$50/$E53) -> -950.71391 | AO53: =AO$39-($B$50/$E53) -> -750.71391
A54: Gemid Opbrengs / Average Yield (t/ha) | B54: ='Sojabone verminderde bewerking'!F5 -> 2 | E54: =E55-0.25 -> 1.75 | F54: =F$39-($B$52/$E54) -> -3350.6419 | G54: =G$39-($B$52/$E54) -> -3150.6419 | H54: =H$39-($B$52/$E54) -> -2950.6419 | I54: =I$39-($B$52/$E54) -> -2750.6419 | J54: =J$39-($B$52/$E54) -> -2550.6419 | K54: =K$39-($B$52/$E54) -> -2350.6419 | L54: =L$39-($B$52/$E54) -> -2150.6419 | M54: =M$39-($B$52/$E54) -> -1950.6419 | N54: =N$39-($B$52/$E54) -> -1750.6419 | AF54: =AF55-0.25 -> 1.75 | AG54: =AG$39-($B$50/$E54) -> -974.06478 | AH54: =AH$39-($B$50/$E54) -> -774.06478 | AI54: =AI$39-($B$50/$E54) -> -574.06478 | AJ54: =AJ$39-($B$50/$E54) -> -374.06478 | AK54: =AK$39-($B$50/$E54) -> -174.06478 | AL54: =AL$39-($B$50/$E54) -> 25.93522 | AM54: =AM$39-($B$50/$E54) -> 225.93522 | AN54: =AN$39-($B$50/$E54) -> 425.93522 | AO54: =AO$39-($B$50/$E54) -> 625.93522
E55: =B54 -> 2 | F55: =F$39-($B$52/$E55) -> -2021.0829 | G55: =G$39-($B$52/$E55) -> -1821.0829 | H55: =H$39-($B$52/$E55) -> -1621.0829 | I55: =I$39-($B$52/$E55) -> -1421.0829 | J55: =J$39-($B$52/$E55) -> -1221.0829 | K55: =K$39-($B$52/$E55) -> -1021.0829 | L55: =L$39-($B$52/$E55) -> -821.08293 | M55: =M$39-($B$52/$E55) -> -621.08293 | N55: =N$39-($B$52/$E55) -> -421.08293 | AF55: =E55 -> 2 | AG55: =AG$39-($B$50/$E55) -> 58.422067 | AH55: =AH$39-($B$50/$E55) -> 258.42207 | AI55: =AI$39-($B$50/$E55) -> 458.42207 | AJ55: =AJ$39-($B$50/$E55) -> 658.42207 | AK55: =AK$39-($B$50/$E55) -> 858.42207 | AL55: =AL$39-($B$50/$E55) -> 1058.4221 | AM55: =AM$39-($B$50/$E55) -> 1258.4221 | AN55: =AN$39-($B$50/$E55) -> 1458.4221 | AO55: =AO$39-($B$50/$E55) -> 1658.4221
A56: SAFEX Mei'27 Soy prys/price (R/ton) | B56: =B5 -> 8345 | E56: =E55+0.25 -> 2.25 | F56: =F$39-($B$52/$E56) -> -986.9815 | G56: =G$39-($B$52/$E56) -> -786.9815 | H56: =H$39-($B$52/$E56) -> -586.9815 | I56: =I$39-($B$52/$E56) -> -386.9815 | J56: =J$39-($B$52/$E56) -> -186.9815 | K56: =K$39-($B$52/$E56) -> 13.018504 | L56: =L$39-($B$52/$E56) -> 213.0185 | M56: =M$39-($B$52/$E56) -> 413.0185 | N56: =N$39-($B$52/$E56) -> 613.0185 | AF56: =AF55+0.25 -> 2.25 | AG56: =AG$39-($B$50/$E56) -> 861.46739 | AH56: =AH$39-($B$50/$E56) -> 1061.4674 | AI56: =AI$39-($B$50/$E56) -> 1261.4674 | AJ56: =AJ$39-($B$50/$E56) -> 1461.4674 | AK56: =AK$39-($B$50/$E56) -> 1661.4674 | AL56: =AL$39-($B$50/$E56) -> 1861.4674 | AM56: =AM$39-($B$50/$E56) -> 2061.4674 | AN56: =AN$39-($B$50/$E56) -> 2261.4674 | AO56: =AO$39-($B$50/$E56) -> 2461.4674
A57: Aftrekkings / Deductions | B57: ='Sojabone verminderde bewerking'!F33 -> 259.17 | E57: =E56+0.25 -> 2.5 | F57: =F$39-($B$52/$E57) -> -159.70035 | G57: =G$39-($B$52/$E57) -> 40.299654 | H57: =H$39-($B$52/$E57) -> 240.29965 | I57: =I$39-($B$52/$E57) -> 440.29965 | J57: =J$39-($B$52/$E57) -> 640.29965 | K57: =K$39-($B$52/$E57) -> 840.29965 | L57: =L$39-($B$52/$E57) -> 1040.2997 | M57: =M$39-($B$52/$E57) -> 1240.2997 | N57: =N$39-($B$52/$E57) -> 1440.2997 | AF57: =AF56+0.25 -> 2.5 | AG57: =AG$39-($B$50/$E57) -> 1503.9037 | AH57: =AH$39-($B$50/$E57) -> 1703.9037 | AI57: =AI$39-($B$50/$E57) -> 1903.9037 | AJ57: =AJ$39-($B$50/$E57) -> 2103.9037 | AK57: =AK$39-($B$50/$E57) -> 2303.9037 | AL57: =AL$39-($B$50/$E57) -> 2503.9037 | AM57: =AM$39-($B$50/$E57) -> 2703.9037 | AN57: =AN$39-($B$50/$E57) -> 2903.9037 | AO57: =AO$39-($B$50/$E57) -> 3103.9037
A58: Produsenteprys/ Producer price (R/ton) | B58: =B56-B57 -> 8085.83
A62: SORGHUM | D62: SORGHUM: SENSITIWITEITSANALISE - TOTALE KOSTES ( DIREKTE KOSTE + VASTE KOSTE) R/ton | AE62: SORGHUM: SENSITIWITEITSANALISE - DIREKTE KOSTE R/ton
A63: Lopendekoste / Variable cost (R/ha) | B63: =Graansorghum!E26 -> 13871.911 | J63: Huidige | AK63: Huidige
A64: Oorhoofse koste / Overhead cost (R/ha) | B64: =Graansorghum!E28 -> 7495.07 | D64: SAFEX prys / price(R/ton) | F64: =G64-200 -> 2700 | G64: =H64-200 -> 2900 | H64: =I64-200 -> 3100 | I64: =J64-200 -> 3300 | J64: =B69 -> 3500 | K64: =J64+200 -> 3700 | L64: =K64+200 -> 3900 | M64: =L64+200 -> 4100 | N64: =M64+200 -> 4300 | AE64: SAFEX prys / price(R/ton) | AG64: =AH64-200 -> 2700 | AH64: =AI64-200 -> 2900 | AI64: =AJ64-200 -> 3100 | AJ64: =AK64-200 -> 3300 | AK64: =J64 -> 3500 | AL64: =AK64+200 -> 3700 | AM64: =AL64+200 -> 3900 | AN64: =AM64+200 -> 4100 | AO64: =AN64+200 -> 4300
A65: Totale Koste / Total cost (R/ha) | B65: =B64+B63 -> 21366.981 | D65: Produsenteprys/ Producer price | F65: =F64-$B$70 -> 2607.75 | G65: =G64-$B$70 -> 2807.75 | H65: =H64-$B$70 -> 3007.75 | I65: =I64-$B$70 -> 3207.75 | J65: =J64-$B$70 -> 3407.75 | K65: =K64-$B$70 -> 3607.75 | L65: =L64-$B$70 -> 3807.75 | M65: =M64-$B$70 -> 4007.75 | N65: =N64-$B$70 -> 4207.75 | AE65: Produsenteprys/ Producer price | AG65: =AG64-$B$70 -> 2607.75 | AH65: =AH64-$B$70 -> 2807.75 | AI65: =AI64-$B$70 -> 3007.75 | AJ65: =AJ64-$B$70 -> 3207.75 | AK65: =AK64-$B$70 -> 3407.75 | AL65: =AL64-$B$70 -> 3607.75 | AM65: =AM64-$B$70 -> 3807.75 | AN65: =AN64-$B$70 -> 4007.75 | AO65: =AO64-$B$70 -> 4207.75
D66: Opbrengs / Yield (t/ha) | E66: =E67-0.5 -> 2.2 | F66: =F$65-($B$65/$E66) -> -7104.5139 | G66: =G$65-($B$65/$E66) -> -6904.5139 | H66: =H$65-($B$65/$E66) -> -6704.5139 | I66: =I$65-($B$65/$E66) -> -6504.5139 | J66: =J$65-($B$65/$E66) -> -6304.5139 | K66: =K$65-($B$65/$E66) -> -6104.5139 | L66: =L$65-($B$65/$E66) -> -5904.5139 | M66: =M$65-($B$65/$E66) -> -5704.5139 | N66: =N$65-($B$65/$E66) -> -5504.5139 | AE66: Opbrengs / Yield (t/ha) | AF66: =AF67-0.5 -> 2.2 | AG66: =AG$65-($B$63/$E66) -> -3697.6639 | AH66: =AH$65-($B$63/$E66) -> -3497.6639 | AI66: =AI$65-($B$63/$E66) -> -3297.6639 | AJ66: =AJ$65-($B$63/$E66) -> -3097.6639 | AK66: =AK$65-($B$63/$E66) -> -2897.6639 | AL66: =AL$65-($B$63/$E66) -> -2697.6639 | AM66: =AM$65-($B$63/$E66) -> -2497.6639 | AN66: =AN$65-($B$63/$E66) -> -2297.6639 | AO66: =AO$65-($B$63/$E66) -> -2097.6639
A67: Gemid Opbrengs / Average Yield (t/ha) | B67: 3.2 | E67: =E68-0.5 -> 2.7 | F67: =F$65-($B$65/$E67) -> -5305.9465 | G67: =G$65-($B$65/$E67) -> -5105.9465 | H67: =H$65-($B$65/$E67) -> -4905.9465 | I67: =I$65-($B$65/$E67) -> -4705.9465 | J67: =J$65-($B$65/$E67) -> -4505.9465 | K67: =K$65-($B$65/$E67) -> -4305.9465 | L67: =L$65-($B$65/$E67) -> -4105.9465 | M67: =M$65-($B$65/$E67) -> -3905.9465 | N67: =N$65-($B$65/$E67) -> -3705.9465 | AF67: =AF68-0.5 -> 2.7 | AG67: =AG$65-($B$63/$E67) -> -2529.9946 | AH67: =AH$65-($B$63/$E67) -> -2329.9946 | AI67: =AI$65-($B$63/$E67) -> -2129.9946 | AJ67: =AJ$65-($B$63/$E67) -> -1929.9946 | AK67: =AK$65-($B$63/$E67) -> -1729.9946 | AL67: =AL$65-($B$63/$E67) -> -1529.9946 | AM67: =AM$65-($B$63/$E67) -> -1329.9946 | AN67: =AN$65-($B$63/$E67) -> -1129.9946 | AO67: =AO$65-($B$63/$E67) -> -929.99464
E68: =B67 -> 3.2 | F68: =F$65-($B$65/$E68) -> -4069.4314 | G68: =G$65-($B$65/$E68) -> -3869.4314 | H68: =H$65-($B$65/$E68) -> -3669.4314 | I68: =I$65-($B$65/$E68) -> -3469.4314 | J68: =J$65-($B$65/$E68) -> -3269.4314 | K68: =K$65-($B$65/$E68) -> -3069.4314 | L68: =L$65-($B$65/$E68) -> -2869.4314 | M68: =M$65-($B$65/$E68) -> -2669.4314 | N68: =N$65-($B$65/$E68) -> -2469.4314 | AF68: =E68 -> 3.2 | AG68: =AG$65-($B$63/$E68) -> -1727.222 | AH68: =AH$65-($B$63/$E68) -> -1527.222 | AI68: =AI$65-($B$63/$E68) -> -1327.222 | AJ68: =AJ$65-($B$63/$E68) -> -1127.222 | AK68: =AK$65-($B$63/$E68) -> -927.22204 | AL68: =AL$65-($B$63/$E68) -> -727.22204 | AM68: =AM$65-($B$63/$E68) -> -527.22204 | AN68: =AN$65-($B$63/$E68) -> -327.22204 | AO68: =AO$65-($B$63/$E68) -> -127.22204
A69: Contract prys/price (R/ton) | B69: =B6 -> 3500 | E69: =E68+0.5 -> 3.7 | F69: =F$65-($B$65/$E69) -> -3167.1096 | G69: =G$65-($B$65/$E69) -> -2967.1096 | H69: =H$65-($B$65/$E69) -> -2767.1096 | I69: =I$65-($B$65/$E69) -> -2567.1096 | J69: =J$65-($B$65/$E69) -> -2367.1096 | K69: =K$65-($B$65/$E69) -> -2167.1096 | L69: =L$65-($B$65/$E69) -> -1967.1096 | M69: =M$65-($B$65/$E69) -> -1767.1096 | N69: =N$65-($B$65/$E69) -> -1567.1096 | AF69: =AF68+0.5 -> 3.7 | AG69: =AG$65-($B$63/$E69) -> -1141.415 | AH69: =AH$65-($B$63/$E69) -> -941.41501 | AI69: =AI$65-($B$63/$E69) -> -741.41501 | AJ69: =AJ$65-($B$63/$E69) -> -541.41501 | AK69: =AK$65-($B$63/$E69) -> -341.41501 | AL69: =AL$65-($B$63/$E69) -> -141.41501 | AM69: =AM$65-($B$63/$E69) -> 58.584989 | AN69: =AN$65-($B$63/$E69) -> 258.58499 | AO69: =AO$65-($B$63/$E69) -> 458.58499
A70: Aftrekkings / Deductions | B70: =D6 -> 92.25 | E70: =E69+0.5 -> 4.2 | F70: =F$65-($B$65/$E70) -> -2479.6263 | G70: =G$65-($B$65/$E70) -> -2279.6263 | H70: =H$65-($B$65/$E70) -> -2079.6263 | I70: =I$65-($B$65/$E70) -> -1879.6263 | J70: =J$65-($B$65/$E70) -> -1679.6263 | K70: =K$65-($B$65/$E70) -> -1479.6263 | L70: =L$65-($B$65/$E70) -> -1279.6263 | M70: =M$65-($B$65/$E70) -> -1079.6263 | N70: =N$65-($B$65/$E70) -> -879.62632 | AF70: =AF69+0.5 -> 4.2 | AG70: =AG$65-($B$63/$E70) -> -695.08584 | AH70: =AH$65-($B$63/$E70) -> -495.08584 | AI70: =AI$65-($B$63/$E70) -> -295.08584 | AJ70: =AJ$65-($B$63/$E70) -> -95.085843 | AK70: =AK$65-($B$63/$E70) -> 104.91416 | AL70: =AL$65-($B$63/$E70) -> 304.91416 | AM70: =AM$65-($B$63/$E70) -> 504.91416 | AN70: =AN$65-($B$63/$E70) -> 704.91416 | AO70: =AO$65-($B$63/$E70) -> 904.91416
A71: Produsenteprys/ Producer price (R/ton) | B71: =B69-B70 -> 3407.75

Sheet Yellow-Roundup R mielies 
A1: Produsent prys raming vir droëland RR MIELIES vir die / Producer price framework for dry land RR MAIZE for the | F1: PRODUKSIEJAAR 2026-27 PRODUCTION YEAR 2026-27
A3: Huidige Produkprys op plaas vir beste graad / Current product price for the best grade (R/TON) (Safex min bemarkingskoste/marketing cost) | E3: ='Pryse + Sensatiwiteitsanalise'!B19 -> 3770.75 | F3: Rand/ton
A5: Beplanningsopbrengs / Estimated yields (ton/ha) | D5: 4.5 | E5: 5 | F5: 5.5 | G5: 6 | H5: 7 | I5: 8
A6: Bruto produksiewaarde / Gross production value (R/ha) | D6: 16943.625 | E6: 18826.25 | F6: 20708.875 | G6: 22591.5 | H6: 26356.75 | I6: 30122
A8: Direk Toedeelbare veranderlike koste / Direct Allocated Variable costs (R/ha)
A9: Saad / Seed | D9: 2608.9625 | E9: 2608.9625 | F9: 3314.0875 | G9: 3314.0875 | H9: 4019.2125 | I9: 4230.75
A10: Kunsmis / Fertiliser | D10: 6099.715 | E10: 6766.35 | F10: 7432.985 | G10: 8099.62 | H10: 9432.89 | I10: 10766.16
A11: Kalk / Lime | D11: 800 | E11: 800 | F11: 800 | G11: 800 | H11: 800 | I11: 800
A12: Brandstof / Fuel | D12: 1798.9305 | E12: 1837.9605 | F12: 1876.9905 | G12: 1916.0205 | H12: 1981.0705 | I12: 2046.1205
A13: Reparasie / Reparation | D13: 1348.5154 | E13: 1353.2687 | F13: 1358.0221 | G13: 1362.7754 | H13: 1372.2821 | I13: 1381.7887
A14: Onkruiddoders / Herbicide | D14: 1146.48 | E14: 1146.48 | F14: 1146.48 | G14: 1146.48 | H14: 1146.48 | I14: 1146.48
A15: Plaagdoder / Pest control | D15: 768.468 | E15: 768.468 | F15: 768.468 | G15: 768.468 | H15: 768.468 | I15: 768.468
A16: Insetversekering / Input insurance
A17: Besproeiingskoste / Irrigation costs
A18: Graanprysverskansing / Grain hedging | D18: 1556.7477 | E18: 1634.4535 | F18: 1780.2622 | G18: 1857.968 | H18: 2080.2259 | I18: 2254.8117
A19: Kontrakstroop / Contract Harvesting
A20: Oesversekering / Harvest insurance | D20: 847.18125 | E20: 941.3125 | F20: 1035.4438 | G20: 1129.575 | H20: 1317.8375 | I20: 1506.1
A21: Lugspuit / Aerial spray | D21: 200 | E21: 200 | F21: 200 | G21: 200 | H21: 200 | I21: 200
A22: Losarbeid / Casual labour | D22: 500 | E22: 500 | F22: 500 | G22: 500 | H22: 500 | I22: 500
A23: Droogkoste / Drying cost
A24: Verpakking en Pakmateriaal / Packaging and packaging material
A25: Produksiekrediet rente / Interest on production R/ha | D25: 1082.5938 | E25: 1136.6319 | F25: 1238.0303 | G25: 1292.0684 | H25: 1446.6311 | I25: 1568.0416
A26: Totale Direk Toedeelbare veranderlike koste / Total Direct Allocated Variable Cost (R/ha) | D26: =SUM(D9:D25) -> 18757.594 | E26: =SUM(E9:E25) -> 19693.888 | F26: =SUM(F9:F25) -> 21450.769 | G26: =SUM(G9:G25) -> 22387.063 | H26: =SUM(H9:H25) -> 25065.098 | I26: =SUM(I9:I25) -> 27168.721
A28: Totale Oorhoofse koste / Total overhead cost R/ha | D28: 8315.9 | E28: 8315.9 | F28: 8315.9 | G28: 8315.9 | H28: 8315.9 | I28: 8315.9
A30: Totale Koste per ha voor fisiese bemarking R/ha / Total cost per ha before marketing cost R/ha | D30: =D26+D28 -> 27073.494 | E30: =E26+E28 -> 28009.788 | F30: =F26+F28 -> 29766.669 | G30: =G26+G28 -> 30702.963 | H30: =H26+H28 -> 33380.998 | I30: =I26+I28 -> 35484.621
A32: Totale koste per ton voor fisiese bemarking R/Ton / Total cost per ton before marketing cost R/Ton | D32: =D30/D5 -> 6016.332 | E32: =E30/E5 -> 5601.9575 | F32: =F30/F5 -> 5412.1217 | G32: =G30/G5 -> 5117.1605 | H32: =H30/H5 -> 4768.7139 | I32: =I30/I5 -> 4435.5776
A34: Totale bemarkingskoste / Total marketing cost R/ton | D34: ='Pryse + Sensatiwiteitsanalise'!$D$4 -> 406.25 | E34: ='Pryse + Sensatiwiteitsanalise'!$D$4 -> 406.25 | F34: ='Pryse + Sensatiwiteitsanalise'!$D$4 -> 406.25 | G34: ='Pryse + Sensatiwiteitsanalise'!$D$4 -> 406.25 | H34: ='Pryse + Sensatiwiteitsanalise'!$D$4 -> 406.25 | I34: ='Pryse + Sensatiwiteitsanalise'!$D$4 -> 406.25
A36: Verwagte minimum Safex prys SONDER wins/ Expected minimum Safex price, WITHOUT profit | D36: =D32+D34 -> 6422.582 | E36: =E32+E34 -> 6008.2075 | F36: =F32+F34 -> 5818.3717 | G36: =G32+G34 -> 5523.4105 | H36: =H32+H34 -> 5174.9639 | I36: =I32+I34 -> 4841.8276
A37: Safex prys / Safex price - Jul 23 | D37: ='Pryse + Sensatiwiteitsanalise'!B4 -> 4177 | E37: =$D$37 -> 4177 | F37: =$D$37 -> 4177 | G37: =$D$37 -> 4177 | H37: =$D$37 -> 4177 | I37: =$D$37 -> 4177
A39: BRUTO MARGE / GROSS MARGIN (R/ha) | D39: =D6-D26 -> -1813.9692 | E39: =E6-E26 -> -867.63764 | F39: =F6-F26 -> -741.89434 | G39: =G6-G26 -> 204.4372 | H39: =H6-H26 -> 1291.6524 | I39: =I6-I26 -> 2953.2794
A40: NETTO MARGE / NETT MARGIN (R/ha) | D40: =D6-D30 -> -10129.869 | E40: =E6-E30 -> -9183.5376 | F40: =F6-F30 -> -9057.7943 | G40: =G6-G30 -> -8111.4628 | H40: =H6-H30 -> -7024.2476 | I40: =I6-I30 -> -5362.6206
A41: Disclaimer: The information herein has been obtained from various sources, the accuracy and/or completeness of which Grain SA does not
A42: guarantee and for which Grain SA accepts no liability. Any prices or levels contained herein are preliminary and indicative only and do not
A43: represent bids or offers. These indications are provided solely for your information and consideration.
A44: Thank you to the Maize Trust for partially funding this project

Sheet W-BT Mielies vermin till
A1: Produsent prys raming vir droëland BT WIT MIELIES VERMINDERDE BEWERKING vir die / Producer price framework for dry land WHITE BT MAIZE MINIMUM TILLAGE for the | E1: PRODUKSIEJAAR 2017-18 PRODUCTION YEAR 2017-18
A3: Huidige Produkprys op plaas vir beste graad / Current product price for the best grade (R/TON) (Safex min bemarkingskoste/marketing cost) | E3: ='Pryse + Sensatiwiteitsanalise'!B19 -> 3770.75 | F3: Rand/ton
A5: Beplanningsopbrengs / Estimated yields (ton/ha) | D5: 4.5 | E5: 5 | F5: 5.5 | G5: 6 | H5: 7 | I5: 8
A6: Bruto produksiewaarde / Gross production value (R/ha) | D6: =$E$3*D5 -> 16968.375 | E6: =$E$3*E5 -> 18853.75 | F6: =$E$3*F5 -> 20739.125 | G6: =$E$3*G5 -> 22624.5 | H6: =$E$3*H5 -> 26395.25 | I6: =$E$3*I5 -> 30166
K7: VerminMielies
A8: Direk Toedeelbare veranderlike koste / Direct Allocated Variable costs (R/ha) | K8: Opbrengspeil | L8: Lopende koste | M8: Oorhoofse koste
A9: Saad / Seed | D9: 1756.5625 | E9: 1756.5625 | F9: 2258.4375 | G9: 2258.4375 | H9: 2760.3125 | I9: 2569.1875 | K9: =D5 -> 4.5 | L9: =D25 -> 8652.3198 | M9: =D27 -> 2578.7065
A10: Kunsmis / Fertiliser | D10: 2314.7 | E10: 2563 | F10: 2811.3 | G10: 3059.6 | H10: 3556.2 | I10: 4103.6 | K10: =E5 -> 5 | L10: =E25 -> 9025.2588 | M10: =E27 -> 2578.7065
A11: Kalk / Lime | D11: 217.5822 | E11: 217.5822 | F11: 217.5822 | G11: 217.5822 | H11: 217.5822 | I11: 217.5822 | K11: =F5 -> 5.5 | L11: =F25 -> 9987.7355 | M11: =F27 -> 2578.7065
A12: Brandstof / Fuel | D12: 757.64768 | E12: 772.76293 | F12: 787.87817 | G12: 802.99342 | H12: 827.52004 | I12: 952.16518 | K12: =G5 -> 6 | L12: =G25 -> 10360.675 | M12: =G27 -> 2578.7065
A13: Reparasie / Reparation | D13: 583.54718 | E13: 586.82673 | F13: 590.10628 | G13: 593.38583 | H13: 599.94493 | I13: 566.8262 | K13: =H5 -> 7 | L13: =H25 -> 11689.39 | M13: =H27 -> 2578.7065
A14: Onkruiddoders / Herbicide | D14: 699.6 | E14: 699.6 | F14: 699.6 | G14: 699.6 | H14: 699.6 | I14: 783 | K14: =I5 -> 8 | L14: =I25 -> 12569.819 | M14: =I27 -> 2326.7761
A15: Plaagdoder / Pest control | D15: 579 | E15: 579 | F15: 579 | G15: 579 | H15: 579 | I15: 648
A16: Insetversekering / Input insurance | D16: 151.19325 | E16: 167.9925 | F16: 184.79175 | G16: 201.591 | H16: 235.1895 | I16: 422.76
A17: Graanprysverskansing / Grain hedging | D17: 854.99026 | E17: 891.84271 | F17: 986.95111 | G17: 1023.8036 | H17: 1155.1023 | I17: 820.81243
A18: Kontrakstroop / Contract Harvesting | D18: 0 | E18: 0 | F18: 0 | G18: 0 | H18: 0 | I18: 0
A19: Oesversekering / Harvest insurance | D19: 305.90831 | E19: 339.89813 | F19: 373.88794 | G19: 407.87775 | H19: 475.85738 | I19: 858.8874
A20: Lugspuit / Aerial spray | D20: 0 | E20: 0 | F20: 0 | G20: 0 | H20: 0 | I20: 0
A21: Losarbeid / Casual labour | D21: 0 | E21: 0 | F21: 0 | G21: 0 | H21: 0 | I21: 0
A22: Droogkoste / Drying cost | D22: 0 | E22: 0 | F22: 0 | G22: 0 | H22: 0 | I22: 0
A23: Verpakking en Pakmateriaal / Packaging and packaging material | D23: 0 | E23: 0 | F23: 0 | G23: 0 | H23: 0 | I23: 0
A24: Produksiekrediet rente / Interest on production R/ha | D24: 431.5884 | E24: 450.19105 | F24: 498.20059 | G24: 516.80324 | H24: 583.08122 | I24: 626.9981
A25: Totale Direk Toedeelbare veranderlike koste / Total Direct Allocated Variable Cost (R/ha) | D25: =SUM(D9:D24) -> 8652.3198 | E25: =SUM(E9:E24) -> 9025.2588 | F25: =SUM(F9:F24) -> 9987.7355 | G25: =SUM(G9:G24) -> 10360.675 | H25: =SUM(H9:H24) -> 11689.39 | I25: =SUM(I9:I24) -> 12569.819
A27: Totale Oorhoofse koste / Total overhead cost R/ha | D27: 2578.7065 | E27: 2578.7065 | F27: 2578.7065 | G27: 2578.7065 | H27: 2578.7065 | I27: 2326.7761
A29: Totale Koste per ha voor fisiese bemarking R/ha / Total cost per ha before marketing cost R/ha | D29: =D25+D27 -> 11231.026 | E29: =E25+E27 -> 11603.965 | F29: =F25+F27 -> 12566.442 | G29: =G25+G27 -> 12939.381 | H29: =H25+H27 -> 14268.097 | I29: =I25+I27 -> 14896.595
A31: Totale koste per ton voor fisiese bemarking R/Ton / Total cost per ton before marketing cost R/Ton | D31: =D29/D5 -> 2495.7836 | E31: =E29/E5 -> 2320.7931 | F31: =F29/F5 -> 2284.8076 | G31: =G29/G5 -> 2156.5635 | H31: =H29/H5 -> 2038.2995 | I31: =I29/I5 -> 1862.0744
A33: Totale bemarkingskoste / Total marketing cost R/ton | D33: ='Pryse + Sensatiwiteitsanalise'!D4 -> 406.25 | E33: =$D$33 -> 406.25 | F33: =$D$33 -> 406.25 | G33: =$D$33 -> 406.25 | H33: =$D$33 -> 406.25 | I33: =$D$33 -> 406.25
A35: Verwagte minimum Safex prys SONDER wins/ Expected minimum Safex price, WITHOUT profit | D35: =D31+D33 -> 2902.0336 | E35: =E31+E33 -> 2727.0431 | F35: =F31+F33 -> 2691.0576 | G35: =G31+G33 -> 2562.8135 | H35: =H31+H33 -> 2444.5495 | I35: =I31+I33 -> 2268.3244
A36: Safex prys / Safex price - Jul 18 | D36: ='Pryse + Sensatiwiteitsanalise'!B4 -> 4177 | E36: =$D$36 -> 4177 | F36: =$D$36 -> 4177 | G36: =$D$36 -> 4177 | H36: =$D$36 -> 4177 | I36: =$D$36 -> 4177
A37: Disclaimer: The information herein has been obtained from various sources, the accuracy and/or completeness of which Grain SA does not
A38: guarantee and for which Grain SA accepts no liability. Any prices or levels contained herein are preliminary and indicative only and do not
A39: represent bids or offers. These indications are provided solely for your information and consideration.
A40: Thank you to the Maize Trust for partially funding this project

Sheet Mielie Vermin Bewerk
A1: Produsent prys raming vir droëland MIELIES vermin bewerk vir die / Producer price framework for dry land MAIZE min tillage for the | F1: PRODUKSIEJAAR 2026-27 PRODUCTION YEAR 2026-27
A3: Huidige Produkprys op plaas vir beste graad / Current product price for the best grade (R/TON) (Safex min bemarkingskoste/marketing cost) | E3: ='Pryse + Sensatiwiteitsanalise'!B19 -> 3770.75 | F3: Rand/ton
A5: Beplanningsopbrengs / Estimated yields (ton/ha) | D5: 4.5 | E5: 5 | F5: 5.5 | G5: 6 | H5: 7 | I5: 8
A6: Bruto produksiewaarde / Gross production value (R/ha) | D6: 17790.806 | E6: 19767.562 | F6: 21744.319 | G6: 23721.075 | H6: 27674.588 | I6: 31628.1
A8: Direk Toedeelbare veranderlike koste / Direct Allocated Variable costs (R/ha)
A9: Saad / Seed | D9: 2681.1125 | E9: 2681.1125 | F9: 3405.7375 | G9: 3405.7375 | H9: 4130.3625 | I9: 4130.3625
A10: Kunsmis / Fertiliser | D10: 6099.715 | E10: 6766.35 | F10: 7432.985 | G10: 8099.62 | H10: 9432.89 | I10: 10766.16
A11: Kalk / Lime | D11: 266.4 | E11: 266.4 | F11: 266.4 | G11: 266.4 | H11: 266.4 | I11: 266.4
A12: Brandstof / Fuel | D12: 1115.2634 | E12: 1154.2934 | F12: 1193.3234 | G12: 1232.3534 | H12: 1297.4034 | I12: 1362.4534
A13: Reparasie / Reparation | D13: 1074.285 | E13: 1079.0383 | F13: 1083.7917 | G13: 1088.545 | H13: 1098.0517 | I13: 1107.5583
A14: Onkruiddoders / Herbicide | D14: 1605.48 | E14: 1605.48 | F14: 1605.48 | G14: 1605.48 | H14: 1605.48 | I14: 1605.48
A15: Plaagdoder / Pest control | D15: 768.468 | E15: 768.468 | F15: 768.468 | G15: 768.468 | H15: 768.468 | I15: 768.468
A16: Insetversekering / Input insurance
A17: Graanprysverskansing / Grain hedging | D17: 1468.0857 | E17: 1546.246 | F17: 1694.3927 | G17: 1772.553 | H17: 1997.6035 | I17: 1997.6057
A18: ='Yellow-Roundup R mielies '!A17 -> Besproeiingskoste / Irrigation costs
A19: Kontrakstroop / Contract Harvesting
A20: Oesversekering / Harvest insurance | D20: 889.54031 | E20: 988.37813 | F20: 1087.2159 | G20: 1186.0538 | H20: 1383.7294 | I20: 1581.405
A21: Lugspuit / Aerial spray | D21: 200 | E21: 200 | F21: 200 | G21: 200 | H21: 200 | I21: 200
A22: Losarbeid / Casual labour | D22: 500 | E22: 500 | F22: 500 | G22: 500 | H22: 500 | I22: 500
A23: Droogkoste / Drying cost
A24: Verpakking en Pakmateriaal / Packaging and packaging material
A25: Produksiekrediet rente / Interest on production R/ha | D25: 1020.9364 | E25: 1075.2907 | F25: 1178.3149 | G25: 1232.6692 | H25: 1389.1738 | I25: 1487.5109
A26: Totale Direk Toedeelbare veranderlike koste / Total Direct Allocated Variable Cost (R/ha) | D26: =SUM(D9:D25) -> 17689.286 | E26: =SUM(E9:E25) -> 18631.057 | F26: =SUM(F9:F25) -> 20416.109 | G26: =SUM(G9:G25) -> 21357.88 | H26: =SUM(H9:H25) -> 24069.562 | I26: =SUM(I9:I25) -> 25773.404
A28: Totale Oorhoofse koste / Total overhead cost R/ha | D28: 5431.87 | E28: 5431.87 | F28: 5431.87 | G28: 5431.87 | H28: 5431.87 | I28: 5431.87
A30: Totale Koste per ha voor fisiese bemarking R/ha / Total cost per ha before marketing cost R/ha | D30: =D26+D28 -> 23121.156 | E30: =E26+E28 -> 24062.927 | F30: =F26+F28 -> 25847.979 | G30: =G26+G28 -> 26789.75 | H30: =H26+H28 -> 29501.432 | I30: =I26+I28 -> 31205.274
A32: Totale koste per ton voor fisiese bemarking R/Ton / Total cost per ton before marketing cost R/Ton | D32: =D30/D5 -> 5138.0348 | E32: =E30/E5 -> 4812.5854 | F32: =F30/F5 -> 4699.6326 | G32: =G30/G5 -> 4464.9583 | H32: =H30/H5 -> 4214.4903 | I32: =I30/I5 -> 3900.6592
A34: Totale bemarkingskoste / Total marketing cost R/ton | D34: ='Yellow-Roundup R mielies '!D34 -> 406.25 | E34: ='Yellow-Roundup R mielies '!E34 -> 406.25 | F34: ='Yellow-Roundup R mielies '!F34 -> 406.25 | G34: ='Yellow-Roundup R mielies '!G34 -> 406.25 | H34: ='Yellow-Roundup R mielies '!H34 -> 406.25 | I34: ='Yellow-Roundup R mielies '!I34 -> 406.25
A36: Verwagte minimum Safex prys SONDER wins/ Expected minimum Safex price, WITHOUT profit | D36: =D32+D34 -> 5544.2848 | E36: =E32+E34 -> 5218.8354 | F36: =F32+F34 -> 5105.8826 | G36: =G32+G34 -> 4871.2083 | H36: =H32+H34 -> 4620.7403 | I36: =I32+I34 -> 4306.9092
A37: Safex prys / Safex price - Jul 23 | D37: ='Pryse + Sensatiwiteitsanalise'!B4 -> 4177 | E37: =$D$37 -> 4177 | F37: =$D$37 -> 4177 | G37: =$D$37 -> 4177 | H37: =$D$37 -> 4177 | I37: =$D$37 -> 4177
A39: BRUTO MARGE / GROSS MARGIN (R/ha) | D39: =D6-D26 -> 101.51984 | E39: =E6-E26 -> 1136.5054 | F39: =F6-F26 -> 1328.2096 | G39: =G6-G26 -> 2363.1951 | H39: =H6-H26 -> 3605.0252 | I39: =I6-I26 -> 5854.6961
A40: NETTO MARGE / NETT MARGIN (R/ha) | D40: =D6-D30 -> -5330.3502 | E40: =E6-E30 -> -4295.3646 | F40: =F6-F30 -> -4103.6604 | G40: =G6-G30 -> -3068.6749 | H40: =H6-H30 -> -1826.8448 | I40: =I6-I30 -> 422.82611
A41: Disclaimer: The information herein has been obtained from various sources, the accuracy and/or completeness of which Grain SA does not
A42: guarantee and for which Grain SA accepts no liability. Any prices or levels contained herein are preliminary and indicative only and do not
A43: represent bids or offers. These indications are provided solely for your information and consideration.
A44: Thank you to the Maize Trust for partially funding this project

Sheet Bes-mielies
A1: Produsent prys raming vir BESPROEIING MIELIES vir die / Producer price framework for IRRIGATION MAIZE for the | E1: PRODUKSIEJAAR 2026-27 PRODUCTION YEAR 2026-27
A3: Huidige Produkprys op plaas vir beste graad / Current product price for the best grade (R/TON) (Safex min bemarkingskoste/marketing cost) | E3: ='Pryse + Sensatiwiteitsanalise'!B19 -> 3770.75 | F3: Rand/ton
A5: Beplanningsopbrengs / Estimated yields (ton/ha) | D5: 10 | E5: 12 | F5: 14 | G5: 16
A6: Bruto produksiewaarde / Gross production value (R/ha) | D6: 37652.5 | E6: 45183 | F6: 52713.5 | G6: 60244
A8: Direk Toedeelbare veranderlike koste / Direct Allocated Variable costs (R/ha)
A9: Saad | D9: 4110.5625 | E9: 4857.9375 | F9: 5231.625 | G9: 5605.3125
A10: Kunsmis | D10: 14220.3 | E10: 17044.36 | F10: 19868.42 | G10: 22692.48
A11: Kalk | D11: 800 | E11: 800 | F11: 800 | G11: 800
A12: Brandstof | D12: 2085.1505 | E12: 2202.2405 | F12: 2319.3305 | G12: 2436.4205
A13: Reparasie | D13: 1400.8021 | E13: 1420.3154 | F13: 1439.8287 | G13: 1459.3421
A14: Onkruiddoders | D14: 1146.48 | E14: 1125.672 | F14: 1125.672 | G14: 1125.672
A15: Plaagdoder | D15: 768.468 | E15: 768.468 | F15: 768.468 | G15: 768.468
A16: Insetversekering
A17: Besproeiingskoste | D17: 11848.4 | E17: 11848.4 | F17: 11848.4 | G17: 11848.4
A18: Graanprys verskansing | D18: 3763.1394 | E18: 4155.6287 | F18: 4514.0359 | G18: 4872.443
A19: Kontrakstroop
A20: Oesversekering | D20: 1882.625 | E20: 2259.15 | F20: 2635.675 | G20: 3012.2
A21: Lugspuit | D21: 200 | E21: 200 | F21: 200 | G21: 200
A22: Losarbeid | D22: 500 | E22: 500 | F22: 500 | G22: 500
A23: Droogkoste
A24: Verpakking en Pakmateriaal
A25: Produksiekrediet rente R/ha | D25: 2616.9631 | E25: 2889.908 | F25: 3139.1516 | G25: 3388.3952
A26: Totale Direk Toedeelbare veranderlike koste / Total Direct Allocated Variable Cost (R/ha) | D26: =SUM(D9:D25) -> 45342.891 | E26: =SUM(E9:E25) -> 50072.08 | F26: =SUM(F9:F25) -> 54390.607 | G26: =SUM(G9:G25) -> 58709.133
A28: Totale Oorhoofse koste / Total overhead cost R/ha | D28: 9055.08 | E28: 9055.08 | F28: 9055.08 | G28: 9055.08
A30: Totale Koste per ha voor fisiese bemarking R/ha / Total cost per ha before marketing cost R/ha | D30: =D26+D28 -> 54397.971 | E30: =E26+E28 -> 59127.16 | F30: =F26+F28 -> 63445.687 | G30: =G26+G28 -> 67764.213
A32: Totale koste per ton voor fisiese bemarking R/Ton / Total cost per ton before marketing cost R/Ton | D32: =D30/D5 -> 5439.7971 | E32: =E30/E5 -> 4927.2633 | F32: =F30/F5 -> 4531.8348 | G32: =G30/G5 -> 4235.2633
A34: Totale bemarkingskoste / Total marketing cost R/ton | D34: ='Mielie Vermin Bewerk'!D34 -> 406.25 | E34: ='Mielie Vermin Bewerk'!E34 -> 406.25 | F34: ='Mielie Vermin Bewerk'!F34 -> 406.25 | G34: ='Mielie Vermin Bewerk'!G34 -> 406.25
A36: Verwagte minimum Safex prys SONDER wins/ Expected minimum Safex price, WITHOUT profit | D36: =D32+D34 -> 5846.0471 | E36: =E32+E34 -> 5333.5133 | F36: =F32+F34 -> 4938.0848 | G36: =G32+G34 -> 4641.5133
A37: Safex prys / Safex price - Jul 23 | D37: ='Pryse + Sensatiwiteitsanalise'!B4 -> 4177 | E37: =$D$37 -> 4177 | F37: =$D$37 -> 4177 | G37: =$D$37 -> 4177
A39: BRUTO MARGE / GROSS MARGIN (R/ha) | D39: =D6-D26 -> -7690.3905 | E39: =E6-E26 -> -4889.0802 | F39: =F6-F26 -> -1677.1068 | G39: =G6-G26 -> 1534.8666
A40: NETTO MARGE / NETT MARGIN (R/ha) | D40: =D6-D30 -> -16745.471 | E40: =E6-E30 -> -13944.16 | F40: =F6-F30 -> -10732.187 | G40: =G6-G30 -> -7520.2134
A41: Disclaimer: The information herein has been obtained from various sources, the accuracy and/or completeness of which Grain SA does not
A42: guarantee and for which Grain SA accepts no liability. Any prices or levels contained herein are preliminary and indicative only and do not
A43: represent bids or offers. These indications are provided solely for your information and consideration.
A44: Thank you to the Maize Trust for partially funding this project

Sheet Sojabone
A1: Produsent prys raming vir droëland SOJABONE vir die / Producer price framework for dry land SOYBEANS for the | E1: PRODUKSIEJAAR 2026-27 PRODUCTION YEAR 2026-27
A3: Huidige Produkprys op plaas vir beste graad / Current product price for the best grade (R/TON) (Safex min bemarkingskoste/marketing cost) | E3: ='Pryse + Sensatiwiteitsanalise'!B45 -> 8085.83 | F3: Rand/ton
A5: Beplanningsopbrengs / Estimated yields (ton/ha) | D5: 1.5 | E5: 1.75 | F5: 2 | G5: 2.5 | H5: 3 | I5: 3.5
A6: Bruto produksiewaarde / Gross production value (R/ha) | D6: 12128.745 | E6: 14150.202 | F6: 16171.66 | G6: 20214.575 | H6: 24257.49 | I6: 28300.405
A8: Direk Toedeelbare veranderlike koste / Direct Allocated Variable costs (R/ha)
A9: Saad / Seed | D9: 2267.9663 | E9: 2267.9663 | F9: 2267.9663 | G9: 2645.9607 | H9: 2645.9607 | I9: 2645.9607
A10: Kunsmis / Fertiliser | D10: 3513.575 | E10: 4028.3375 | F10: 4543.1 | G10: 5572.625 | H10: 6602.15 | I10: 7631.675
A11: Kalk / Lime | D11: 800 | E11: 800 | F11: 800 | G11: 800 | H11: 800 | I11: 800
A12: Brandstof / Fuel | D12: 1585.5665 | E12: 1605.0815 | F12: 1624.5965 | G12: 1650.6165 | H12: 1676.6365 | I12: 1689.6465
A13: Reparasie / Reparation | D13: 1192.8804 | E13: 1194.0687 | F13: 1195.2571 | G13: 1197.6337 | H13: 1200.0104 | I13: 1202.3871
A14: Onkruiddoders / Herbicide | D14: 1020 | E14: 1020 | F14: 1020 | G14: 1020 | H14: 1020 | I14: 1020
A15: Plaagdoder / Pest control | D15: 462.468 | E15: 462.468 | F15: 462.468 | G15: 462.468 | H15: 462.468 | I15: 462.468
A16: Insetversekering / Input insurance
A17: Graanprysverskansing / Grain hedging | D17: 617.82464 | E17: 650.19543 | F17: 682.56622 | G17: 765.86886 | H17: 829.94883 | I17: 893.36718
A18: ='Yellow-Roundup R mielies '!A17 -> Besproeiingskoste / Irrigation costs
A19: Kontrakstroop / Contract Harvesting
A20: Oesversekering / Harvest insurance | D20: 606.43725 | E20: 707.51013 | F20: 808.583 | G20: 1010.7288 | H20: 1212.8745 | I20: 1415.0203
A21: Lugspuit / Aerial spray | D21: 200 | E21: 200 | F21: 200 | G21: 200 | H21: 200 | I21: 200
A22: Losarbeid / Casual labour | D22: 500 | E22: 500 | F22: 500 | G22: 500 | H22: 500 | I22: 500
A23: Droogkoste / Drying cost
A24: Verpakking en Pakmateriaal / Packaging and packaging material
A25: Produksiekrediet rente / Interest on production R/ha | D25: 781.96148 | E25: 822.93219 | F25: 863.9029 | G25: 969.33647 | H25: 1050.4405 | I25: 1130.7071
A26: Totale Direk Toedeelbare veranderlike koste / Total Direct Allocated Variable Cost (R/ha) | D26: =SUM(D9:D25) -> 13548.68 | E26: =SUM(E9:E25) -> 14258.56 | F26: =SUM(F9:F25) -> 14968.44 | G26: =SUM(G9:G25) -> 16795.238 | H26: =SUM(H9:H25) -> 18200.489 | I26: =SUM(I9:I25) -> 19591.232
A28: Totale Oorhoofse koste / Total overhead cost R/ha | D28: 7127.57 | E28: 7127.57 | F28: 7127.57 | G28: 7127.57 | H28: 7127.57 | I28: 7127.57
A30: Totale Koste per ha voor fisiese bemarking R/ha / Total cost per ha before marketing cost R/ha | D30: =D26+D28 -> 20676.25 | E30: =E26+E28 -> 21386.13 | F30: =F26+F28 -> 22096.01 | G30: =G26+G28 -> 23922.808 | H30: =H26+H28 -> 25328.059 | I30: =I26+I28 -> 26718.802
A32: Totale koste per ton voor fisiese bemarking R/Ton / Total cost per ton before marketing cost R/Ton | D32: =D30/D5 -> 13784.166 | E32: =E30/E5 -> 12220.646 | F32: =F30/F5 -> 11048.005 | G32: =G30/G5 -> 9569.1232 | H32: =H30/H5 -> 8442.6865 | I32: =I30/I5 -> 7633.9434
A34: Totale bemarkingskoste / Total marketing cost R/ton | D34: ='Pryse + Sensatiwiteitsanalise'!$D$5 -> 259.17 | E34: ='Pryse + Sensatiwiteitsanalise'!$D$5 -> 259.17 | F34: ='Pryse + Sensatiwiteitsanalise'!$D$5 -> 259.17 | G34: ='Pryse + Sensatiwiteitsanalise'!$D$5 -> 259.17 | H34: ='Pryse + Sensatiwiteitsanalise'!$D$5 -> 259.17 | I34: ='Pryse + Sensatiwiteitsanalise'!$D$5 -> 259.17
A36: Verwagte minimum Safex prys SONDER wins/ Expected minimum Safex price, WITHOUT profit | D36: =D32+D34 -> 14043.336 | E36: =E32+E34 -> 12479.816 | F36: =F32+F34 -> 11307.175 | G36: =G32+G34 -> 9828.2932 | H36: =H32+H34 -> 8701.8565 | I36: =I32+I34 -> 7893.1134
A37: Safex prys / Safex price - May 23 | D37: ='Pryse + Sensatiwiteitsanalise'!B5 -> 8345 | E37: =$D$37 -> 8345 | F37: =$D$37 -> 8345 | G37: =$D$37 -> 8345 | H37: =$D$37 -> 8345 | I37: =$D$37 -> 8345
A39: BRUTO MARGE / GROSS MARGIN (R/ha) | D39: =D6-D26 -> -1419.9346 | E39: =E6-E26 -> -108.3573 | F39: =F6-F26 -> 1203.22 | G39: =G6-G26 -> 3419.337 | H39: =H6-H26 -> 6057.0006 | I39: =I6-I26 -> 8709.1732
A40: NETTO MARGE / NETT MARGIN (R/ha) | D40: =D6-D30 -> -8547.5046 | E40: =E6-E30 -> -7235.9273 | F40: =F6-F30 -> -5924.35 | G40: =G6-G30 -> -3708.233 | H40: =H6-H30 -> -1070.5694 | I40: =I6-I30 -> 1581.6032
A41: Disclaimer: The information herein has been obtained from various sources, the accuracy and/or completeness of which Grain SA does not
A42: guarantee and for which Grain SA accepts no liability. Any prices or levels contained herein are preliminary and indicative only and do not
A43: represent bids or offers. These indications are provided solely for your information and consideration.
A44: Thank you to the Maize Trust for partially funding this project

Sheet Sojabone verminderde bewerking
A1: Produsent prys raming vir droëland SOJABONE verminderde bewerking / Producer price framework for dry land SOYBEANS minimum tillage | E1: PRODUKSIEJAAR 2017-18 PRODUCTION YEAR 2017-18
A3: Huidige Produkprys op plaas vir beste graad / Current product price for the best grade (R/TON) (Safex min bemarkingskoste/marketing cost) | E3: ='Pryse + Sensatiwiteitsanalise'!B45 -> 8085.83 | F3: Rand/ton
A5: Beplanningsopbrengs / Estimated yields (ton/ha) | D5: 1.5 | E5: 1.75 | F5: 2 | G5: 2.5 | H5: 3 | I5: 3.5
A6: Bruto produksiewaarde / Gross production value (R/ha) | D6: =$E$3*D5 -> 12128.745 | E6: =$E$3*E5 -> 14150.202 | F6: =$E$3*F5 -> 16171.66 | G6: =$E$3*G5 -> 20214.575 | H6: =$E$3*H5 -> 24257.49 | I6: =$E$3*I5 -> 28300.405
K7: Soja
A8: Direk Toedeelbare veranderlike koste / Direct Allocated Variable costs (R/ha) | K8: Opbrengspeil | L8: Lopende koste | M8: Oorhoofse koste
A9: Saad / Seed | D9: 1144.83 | E9: 1144.83 | F9: 1144.83 | G9: 1144.83 | H9: 1335.635 | I9: 1335.635 | K9: =D5 -> 1.5 | L9: =D25 -> 5598.3546 | M9: =D27 -> 1508.6276
A10: Kunsmis / Fertiliser | D10: 1581.5 | E10: 1768 | F10: 1832.5 | G10: 1832.5 | H10: 2491 | I10: 2555.5 | K10: =E5 -> 1.75 | L10: =E25 -> 5898.4711 | M10: =E27 -> 1508.6276
A11: Kalk / Lime | D11: 0 | E11: 0 | F11: 0 | G11: 0 | H11: 0 | I11: 0 | K11: =F5 -> 2 | L11: =F25 -> 6061.5522 | M11: =F27 -> 1508.6276
A12: Brandstof / Fuel | D12: 436.23391 | E12: 446.64347 | F12: 457.05302 | G12: 472.16827 | H12: 487.28351 | I12: 502.39876 | K12: =G5 -> 2.5 | L12: =G25 -> 6236.4095 | M12: =G27 -> 1508.6276
A13: Reparasie / Reparation | D13: 414.906 | E13: 416.745 | F13: 418.584 | G13: 422.262 | H13: 425.94 | I13: 429.618 | K13: =H5 -> 3 | L13: =H25 -> 7365.2413 | M13: =H27 -> 1508.6276
A14: Onkruiddoders / Herbicide | D14: 770.6 | E14: 770.6 | F14: 770.6 | G14: 770.6 | H14: 770.6 | I14: 770.6 | K14: =I5 -> 3.5 | L14: =I25 -> 7791.0307 | M14: =I27 -> 1508.6276
A15: Plaagdoder / Pest control | D15: 225.4 | E15: 225.4 | F15: 225.4 | G15: 225.4 | H15: 225.4 | I15: 384.3
A16: Insetversekering / Input insurance | D16: 139.25925 | E16: 162.46913 | F16: 185.679 | G16: 232.09875 | H16: 278.5185 | I16: 324.93825
A17: Graanprysverskansing / Grain hedging | D17: 334.99558 | E17: 352.95402 | F17: 362.71251 | G17: 373.17565 | H17: 440.72294 | I17: 466.20142
A18: Kontrakstroop / Contract Harvesting | D18: 0 | E18: 0 | F18: 0 | G18: 0 | H18: 0 | I18: 0
A19: Oesversekering / Harvest insurance | D19: 271.377 | E19: 316.6065 | F19: 361.836 | G19: 452.295 | H19: 542.754 | I19: 633.213
A20: Lugspuit / Aerial spray | D20: 0 | E20: 0 | F20: 0 | G20: 0 | H20: 0 | I20: 0
A21: Losarbeid / Casual labour | D21: 0 | E21: 0 | F21: 0 | G21: 0 | H21: 0 | I21: 0
A22: Droogkoste / Drying cost | D22: 0 | E22: 0 | F22: 0 | G22: 0 | H22: 0 | I22: 0
A23: Verpakking en Pakmateriaal / Packaging and packaging material | D23: 0 | E23: 0 | F23: 0 | G23: 0 | H23: 0 | I23: 0
A24: Produksiekrediet rente / Interest on production R/ha | D24: 279.25284 | E24: 294.22303 | F24: 302.35771 | G24: 311.07981 | H24: 367.38733 | I24: 388.62623
A25: Totale Direk Toedeelbare veranderlike koste / Total Direct Allocated Variable Cost (R/ha) | D25: =SUM(D9:D24) -> 5598.3546 | E25: =SUM(E9:E24) -> 5898.4711 | F25: =SUM(F9:F24) -> 6061.5522 | G25: =SUM(G9:G24) -> 6236.4095 | H25: =SUM(H9:H24) -> 7365.2413 | I25: =SUM(I9:I24) -> 7791.0307
A27: Totale Oorhoofse koste / Total overhead cost R/ha | D27: 1508.6276 | E27: 1508.6276 | F27: 1508.6276 | G27: 1508.6276 | H27: 1508.6276 | I27: 1508.6276
A29: Totale Koste per ha voor fisiese bemarking R/ha / Total cost per ha before marketing cost R/ha | D29: =D25+D27 -> 7106.9822 | E29: =E25+E27 -> 7407.0988 | F29: =F25+F27 -> 7570.1799 | G29: =G25+G27 -> 7745.0371 | H29: =H25+H27 -> 8873.8689 | I29: =I25+I27 -> 9299.6583
A31: Totale koste per ton voor fisiese bemarking R/Ton / Total cost per ton before marketing cost R/Ton | D31: =D29/D5 -> 4737.9881 | E31: =E29/E5 -> 4232.6279 | F31: =F29/F5 -> 3785.0899 | G31: =G29/G5 -> 3098.0148 | H31: =H29/H5 -> 2957.9563 | I31: =I29/I5 -> 2657.0452
A33: Totale bemarkingskoste / Total marketing cost R/ton | D33: ='Pryse + Sensatiwiteitsanalise'!D5 -> 259.17 | E33: =$D$33 -> 259.17 | F33: =$D$33 -> 259.17 | G33: =$D$33 -> 259.17 | H33: =$D$33 -> 259.17 | I33: =$D$33 -> 259.17
A35: Verwagte minimum Safex prys SONDER wins/ Expected minimum Safex price, WITHOUT profit | D35: =D31+D33 -> 4997.1581 | E35: =E31+E33 -> 4491.7979 | F35: =F31+F33 -> 4044.2599 | G35: =G31+G33 -> 3357.1848 | H35: =H31+H33 -> 3217.1263 | I35: =I31+I33 -> 2916.2152
A36: Safex prys / Safex price - May 18 | D36: ='Pryse + Sensatiwiteitsanalise'!B5 -> 8345 | E36: =$D$36 -> 8345 | F36: =$D$36 -> 8345 | G36: =$D$36 -> 8345 | H36: =$D$36 -> 8345 | I36: =$D$36 -> 8345
A37: Disclaimer: The information herein has been obtained from various sources, the accuracy and/or completeness of which Grain SA does not
A38: guarantee and for which Grain SA accepts no liability. Any prices or levels contained herein are preliminary and indicative only and do not
A39: represent bids or offers. These indications are provided solely for your information and consideration.

Sheet Sojabone Vermin bewerk
A1: Produsent prys raming vir droëland SOJABONE vermin bewerk vir die / Producer price framework for dry land SOYBEANS min tillage for the | E1: PRODUKSIEJAAR 2026-27 PRODUCTION YEAR 2026-27
A3: Huidige Produkprys op plaas vir beste graad / Current product price for the best grade (R/TON) (Safex min bemarkingskoste/marketing cost) | E3: ='Pryse + Sensatiwiteitsanalise'!B45 -> 8085.83 | F3: Rand/ton
A5: Beplanningsopbrengs / Estimated yields (ton/ha) | D5: 1.5 | E5: 1.75 | F5: 2 | G5: 2.5 | H5: 3 | I5: 3.5
A6: Bruto produksiewaarde / Gross production value (R/ha) | D6: 12128.745 | E6: 14150.202 | F6: 16171.66 | G6: 20214.575 | H6: 24257.49 | I6: 28300.405
K7: Soja
A8: Direk Toedeelbare veranderlike koste / Direct Allocated Variable costs (R/ha) | K8: Opbrengspeil | L8: Lopende koste | M8: Oorhoofse koste
A9: Saad / Seed | D9: 2267.9663 | E9: 2267.9663 | F9: 2267.9663 | G9: 2267.9663 | H9: 2645.9607 | I9: 2645.9607 | K9: =D5 -> 1.5 | L9: =D26 -> 13035.055 | M9: =D28 -> 4159.01
A10: Kunsmis / Fertiliser | D10: 3513.575 | E10: 4028.3375 | F10: 4543.1 | G10: 5572.625 | H10: 6602.15 | I10: 7631.675 | K10: =E5 -> 1.75 | L10: =E26 -> 13744.936 | M10: =E28 -> 4159.01
A11: Kalk / Lime | D11: 800 | E11: 800 | F11: 800 | G11: 800 | H11: 800 | I11: 800 | K11: =F5 -> 2 | L11: =F26 -> 14454.816 | M11: =F28 -> 4159.01
A12: Brandstof / Fuel | D12: 882.19304 | E12: 901.70804 | F12: 921.22304 | G12: 947.24304 | H12: 973.26304 | I12: 999.28304 | K12: =G5 -> 2.5 | L12: =G26 -> 15860.067 | M12: =G28 -> 4159.01
A13: Reparasie / Reparation | D13: 976.695 | E13: 977.88333 | F13: 979.07167 | G13: 981.44833 | H13: 983.825 | I13: 986.20167 | K13: =H5 -> 3 | L13: =H26 -> 17686.865 | M13: =H28 -> 4159.01
A14: Onkruiddoders / Herbicide | D14: 1479 | E14: 1479 | F14: 1479 | G14: 1479 | H14: 1479 | I14: 1479 | K14: =I5 -> 3.5 | L14: =I26 -> 19092.117 | M14: =I28 -> 4159.01
A15: Plaagdoder / Pest control | D15: 462.468 | E15: 462.468 | F15: 462.468 | G15: 462.468 | H15: 462.468 | I15: 462.468
A16: Insetversekering / Input insurance
A17: Graanprysverskansing / Grain hedging | D17: 594.40319 | E17: 626.77399 | F17: 659.14478 | G17: 723.22474 | H17: 806.52739 | I17: 870.60735
A18: ='Yellow-Roundup R mielies '!A17 -> Besproeiingskoste / Irrigation costs
A19: Kontrakstroop / Contract Harvesting
A20: Oesversekering / Harvest insurance | D20: 606.43725 | E20: 707.51013 | F20: 808.583 | G20: 1010.7288 | H20: 1212.8745 | I20: 1415.0203
A21: Lugspuit / Aerial spray | D21: 200 | E21: 200 | F21: 200 | G21: 200 | H21: 200 | I21: 200
A22: Losarbeid / Casual labour | D22: 500 | E22: 500 | F22: 500 | G22: 500 | H22: 500 | I22: 500
A23: Droogkoste / Drying cost
A24: Verpakking en Pakmateriaal / Packaging and packaging material
A25: Produksiekrediet rente / Interest on production R/ha | D25: 752.31769 | E25: 793.28839 | F25: 834.2591 | G25: 915.36313 | H25: 1020.7967 | I25: 1101.9007
A26: Totale Direk Toedeelbare veranderlike koste / Total Direct Allocated Variable Cost (R/ha) | D26: =SUM(D9:D25) -> 13035.055 | E26: =SUM(E9:E25) -> 13744.936 | F26: =SUM(F9:F25) -> 14454.816 | G26: =SUM(G9:G25) -> 15860.067 | H26: =SUM(H9:H25) -> 17686.865 | I26: =SUM(I9:I25) -> 19092.117
A28: Totale Oorhoofse koste / Total overhead cost R/ha | D28: 4159.01 | E28: 4159.01 | F28: 4159.01 | G28: 4159.01 | H28: 4159.01 | I28: 4159.01
A30: Totale Koste per ha voor fisiese bemarking R/ha / Total cost per ha before marketing cost R/ha | D30: =D26+D28 -> 17194.065 | E30: =E26+E28 -> 17903.946 | F30: =F26+F28 -> 18613.826 | G30: =G26+G28 -> 20019.077 | H30: =H26+H28 -> 21845.875 | I30: =I26+I28 -> 23251.127
A32: Totale koste per ton voor fisiese bemarking R/Ton / Total cost per ton before marketing cost R/Ton | D32: =D30/D5 -> 11462.71 | E32: =E30/E5 -> 10230.826 | F32: =F30/F5 -> 9306.9129 | G32: =G30/G5 -> 8007.6309 | H32: =H30/H5 -> 7281.9584 | I32: =I30/I5 -> 6643.1791
A34: Totale bemarkingskoste / Total marketing cost R/ton | D34: =Sojabone!D34 -> 259.17 | E34: =Sojabone!E34 -> 259.17 | F34: =Sojabone!F34 -> 259.17 | G34: =Sojabone!G34 -> 259.17 | H34: =Sojabone!H34 -> 259.17 | I34: =Sojabone!I34 -> 259.17
A36: Verwagte minimum Safex prys SONDER wins/ Expected minimum Safex price, WITHOUT profit | D36: =D32+D34 -> 11721.88 | E36: =E32+E34 -> 10489.996 | F36: =F32+F34 -> 9566.0829 | G36: =G32+G34 -> 8266.8009 | H36: =H32+H34 -> 7541.1284 | I36: =I32+I34 -> 6902.3491
A37: Safex prys / Safex price - May 23 | D37: ='Pryse + Sensatiwiteitsanalise'!B5 -> 8345 | E37: =$D$37 -> 8345 | F37: =$D$37 -> 8345 | G37: =$D$37 -> 8345 | H37: =$D$37 -> 8345 | I37: =$D$37 -> 8345
A39: BRUTO MARGE / GROSS MARGIN (R/ha) | D39: =D6-D26 -> -906.31045 | E39: =E6-E26 -> 405.26684 | F39: =F6-F26 -> 1716.8441 | G39: =G6-G26 -> 4354.5077 | H39: =H6-H26 -> 6570.6247 | I39: =I6-I26 -> 9208.2883
A40: NETTO MARGE / NETT MARGIN (R/ha) | D40: =D6-D30 -> -5065.3205 | E40: =E6-E30 -> -3753.7432 | F40: =F6-F30 -> -2442.1659 | G40: =G6-G30 -> 195.49772 | H40: =H6-H30 -> 2411.6147 | I40: =I6-I30 -> 5049.2783
A41: Disclaimer: The information herein has been obtained from various sources, the accuracy and/or completeness of which Grain SA does not
A42: guarantee and for which Grain SA accepts no liability. Any prices or levels contained herein are preliminary and indicative only and do not
A43: represent bids or offers. These indications are provided solely for your information and consideration.
A44: Thank you to the Maize Trust for partially funding this project

Sheet Graansorghum
A1: Produsent prys raming vir droëland GRAANSORGHUM vir die / Producer price framework for dry land GRAIN SORGHUM for the | E1: PRODUKSIEJAAR 2026-27 PRODUCTION YEAR 2026-27
A3: Huidige Produkprys op plaas vir beste graad / Current product price for the best grade (R/TON) (Safex min bemarkingskoste/marketing cost) | E3: ='Pryse + Sensatiwiteitsanalise'!B71 -> 3407.75 | F3: Rand/ton
A5: Beplanningsopbrengs / Estimated yields (ton/ha) | D5: 4 | E5: 4.5 | F5: 5 | G5: 5.5 | H5: 6
A6: Bruto produksiewaarde / Gross production value (R/ha) | D6: 13565 | E6: 15260.625 | F6: 16956.25 | G6: 18651.875 | H6: 20347.5
A8: Direk Toedeelbare veranderlike koste / Direct Allocated Variable costs (R/ha)
A9: Saad / Seed | D9: 938.1876 | E9: 938.1876 | F9: 938.1876 | G9: 1072.2144 | H9: 1072.2144
A10: Kunsmis / Fertiliser | D10: 4524.36 | E10: 5077.405 | F10: 5630.45 | G10: 6183.495 | H10: 6736.54
A11: Kalk / Lime | D11: 800 | E11: 800 | F11: 800 | G11: 800 | H11: 800
A12: Brandstof / Fuel | D12: 1650.6165 | E12: 1676.6365 | F12: 1702.6565 | G12: 1728.6765 | H12: 1754.6965
A13: Reparasie / Reparation | D13: 1276.2287 | E13: 1278.6054 | F13: 1280.9821 | G13: 1283.3587 | H13: 1285.7354
A14: Onkruiddoders / Herbicide | D14: 1068.96 | E14: 1068.96 | F14: 1068.96 | G14: 1068.96 | H14: 1068.96
A15: Plaagdoder / Pest control | D15: 768.468 | E15: 768.468 | F15: 768.468 | G15: 768.468 | H15: 768.468
A16: Insetversekering / Input insurance
A17: Graanprysverskansing / Grain hedging
A18: ='Mielie Vermin Bewerk'!A18 -> Besproeiingskoste / Irrigation costs
A19: Kontrakstroop / Contract Harvesting
A20: Oesversekering / Harvest insurance | D20: 678.25 | E20: 763.03125 | F20: 847.8125 | G20: 932.59375 | H20: 1017.375
A21: Lugspuit / Aerial spray | D21: 200 | E21: 200 | F21: 200 | G21: 200 | H21: 200
A22: Losarbeid / Casual labour | D22: 500 | E22: 500 | F22: 500 | G22: 500 | H22: 500
A23: Droogkoste / Drying cost
A24: Verpakking en Pakmateriaal / Packaging and packaging material
A25: Produksiekrediet rente / Interest on production R/ha | D25: 759.81059 | E25: 800.61674 | F25: 841.4229 | G25: 890.43819 | H25: 931.24435
A26: Totale Direk Toedeelbare veranderlike koste / Total Direct Allocated Variable Cost (R/ha) | D26: =SUM(D9:D25) -> 13164.881 | E26: =SUM(E9:E25) -> 13871.911 | F26: =SUM(F9:F25) -> 14578.94 | G26: =SUM(G9:G25) -> 15428.205 | H26: =SUM(H9:H25) -> 16135.234
A28: Totale Oorhoofse koste / Total overhead cost R/ha | D28: 7495.07 | E28: 7495.07 | F28: 7495.07 | G28: 7495.07 | H28: 7495.07
A30: Totale Koste per ha voor fisiese bemarking R/ha / Total cost per ha before marketing cost R/ha | D30: =D26+D28 -> 20659.951 | E30: =E26+E28 -> 21366.981 | F30: =F26+F28 -> 22074.01 | G30: =G26+G28 -> 22923.275 | H30: =H26+H28 -> 23630.304
A32: Totale koste per ton voor fisiese bemarking R/Ton / Total cost per ton before marketing cost R/Ton | D32: =D30/D5 -> 5164.9879 | E32: =E30/E5 -> 4748.2179 | F32: =F30/F5 -> 4414.8019 | G32: =G30/G5 -> 4167.8681 | H32: =H30/H5 -> 3938.3839
A34: Totale bemarkingskoste / Total marketing cost R/ton | D34: ='Pryse + Sensatiwiteitsanalise'!$D$6 -> 92.25 | E34: ='Pryse + Sensatiwiteitsanalise'!$D$6 -> 92.25 | F34: ='Pryse + Sensatiwiteitsanalise'!$D$6 -> 92.25 | G34: ='Pryse + Sensatiwiteitsanalise'!$D$6 -> 92.25 | H34: ='Pryse + Sensatiwiteitsanalise'!$D$6 -> 92.25
A36: Verwagte minimum Safex prys SONDER wins/ Expected minimum Safex price, WITHOUT profit | D36: =D32+D34 -> 5257.2379 | E36: =E32+E34 -> 4840.4679 | F36: =F32+F34 -> 4507.0519 | G36: =G32+G34 -> 4260.1181 | H36: =H32+H34 -> 4030.6339
A37: Safex prys / Safex price | D37: ='Pryse + Sensatiwiteitsanalise'!B6 -> 3500 | E37: =$D$37 -> 3500 | F37: =$D$37 -> 3500 | G37: =$D$37 -> 3500 | H37: =$D$37 -> 3500
A39: BRUTO MARGE / GROSS MARGIN (R/ha) | D39: =D6-D26 -> 400.11853 | E39: =E6-E26 -> 1388.7145 | F39: =F6-F26 -> 2377.3104 | G39: =G6-G26 -> 3223.6704 | H39: =H6-H26 -> 4212.2663
A40: NETTO MARGE / NETT MARGIN (R/ha) | D40: =D6-D30 -> -7094.9515 | E40: =E6-E30 -> -6106.3555 | F40: =F6-F30 -> -5117.7596 | G40: =G6-G30 -> -4271.3996 | H40: =H6-H30 -> -3282.8037
A41: Disclaimer: The information herein has been obtained from various sources, the accuracy and/or completeness of which Grain SA does not
A42: guarantee and for which Grain SA accepts no liability. Any prices or levels contained herein are preliminary and indicative only and do not
A43: represent bids or offers. These indications are provided solely for your information and consideration.
A44: Thank you to the Maize Trust for partially funding this project

Sheet Crop Comparison
A1: EASTERN HIGHVELD INCOME & COST BUDGETS - SUMMER CROPS 2026/27 | B1: Column1 | C1: Column3 | D1: Column4 | E1: Column5 | F1: Column6
A2: Crop | B2: ='[5]Rent calculations'!C2 -> Maize (RR) | C2: Soybean | D2: ='[5]Rent calculations'!F2 -> Soy bean (min tillage) | E2: ='[5]Rent calculations'!G2 -> Grain Sorghum | F2: ='[5]Rent calculations'!H2 -> Irr-Maize | H2: Mpumalanga crop yields based on the 5-year averages | I2: 2020/21 to 2024/25
A3: 1) INCOME | I3: t/ha
A4: Yield target (ton/ha) | B4: =I4 -> 7.5 | C4: =I5 -> 2.23 | D4: =I5 -> 2.23 | E4: =I6 -> 4.9 | F4: ='Bes-mielies'!D5 -> 10 | H4: Yellow maize (Dry land) | I4: 7.5
A5: SAFEX: Estimated Price | B5: ='Pryse + Sensatiwiteitsanalise'!B4 -> 4177 | C5: ='Pryse + Sensatiwiteitsanalise'!B5 -> 8345 | D5: =C5 -> 8345 | E5: ='Pryse + Sensatiwiteitsanalise'!B6 -> 3500 | F5: =B5 -> 4177 | H5: Soybeans | I5: 2.23
A6: Deductions | B6: ='Pryse + Sensatiwiteitsanalise'!D4 -> 406.25 | C6: ='Pryse + Sensatiwiteitsanalise'!D5 -> 259.17 | D6: =C6 -> 259.17 | E6: ='Pryse + Sensatiwiteitsanalise'!D6 -> 92.25 | F6: =B6 -> 406.25 | H6: Sorghum | I6: 4.9
A7: Net Farm Gate Price | B7: =B5-B6 -> 3770.75 | C7: =C5-C6 -> 8085.83 | D7: =D5-D6 -> 8085.83 | E7: =E5-E6 -> 3407.75 | F7: =F5-F6 -> 3770.75 | H7: These averages are based on the Crop estimates data
A8: GROSS INCOME (R/ha) | B8: =B4*B7 -> 28280.625 | C8: =C4*C7 -> 18031.401 | D8: =D4*D7 -> 18031.401 | E8: =E4*E7 -> 16697.975 | F8: =F4*F7 -> 37707.5 | H8: Estimates
A10: 2) VARIABLE EXPENDITURES
A11: ='Yellow-Roundup R mielies '!A9 -> Saad / Seed | B11: ='Yellow-Roundup R mielies '!H9 -> 4019.2125 | C11: =Sojabone!F9 -> 2267.9663 | D11: ='Sojabone Vermin bewerk'!F9 -> 2267.9663 | E11: =Graansorghum!D9 -> 938.1876 | F11: ='Bes-mielies'!D9 -> 4110.5625
A12: ='Yellow-Roundup R mielies '!A10 -> Kunsmis / Fertiliser | B12: ='Yellow-Roundup R mielies '!H10 -> 9432.89 | C12: =Sojabone!F10 -> 4543.1 | D12: ='Sojabone Vermin bewerk'!F10 -> 4543.1 | E12: =Graansorghum!D10 -> 4524.36 | F12: ='Bes-mielies'!D10 -> 14220.3
A13: ='Yellow-Roundup R mielies '!A11 -> Kalk / Lime | B13: ='Yellow-Roundup R mielies '!H11 -> 800 | C13: =Sojabone!F11 -> 800 | D13: ='Sojabone Vermin bewerk'!F11 -> 800 | E13: =Graansorghum!D11 -> 800 | F13: ='Bes-mielies'!D11 -> 800
A14: ='Yellow-Roundup R mielies '!A12 -> Brandstof / Fuel | B14: ='Yellow-Roundup R mielies '!H12 -> 1981.0705 | C14: =Sojabone!F12 -> 1624.5965 | D14: ='Sojabone Vermin bewerk'!F12 -> 921.22304 | E14: =Graansorghum!D12 -> 1650.6165 | F14: ='Bes-mielies'!D12 -> 2085.1505
A15: ='Yellow-Roundup R mielies '!A13 -> Reparasie / Reparation | B15: ='Yellow-Roundup R mielies '!H13 -> 1372.2821 | C15: =Sojabone!F13 -> 1195.2571 | D15: ='Sojabone Vermin bewerk'!F13 -> 979.07167 | E15: =Graansorghum!D13 -> 1276.2287 | F15: ='Bes-mielies'!D13 -> 1400.8021
A16: ='Yellow-Roundup R mielies '!A14 -> Onkruiddoders / Herbicide | B16: ='Yellow-Roundup R mielies '!H14 -> 1146.48 | C16: =Sojabone!F14 -> 1020 | D16: ='Sojabone Vermin bewerk'!F14 -> 1479 | E16: =Graansorghum!D14 -> 1068.96 | F16: ='Bes-mielies'!D14 -> 1146.48
A17: ='Yellow-Roundup R mielies '!A15 -> Plaagdoder / Pest control | B17: ='Yellow-Roundup R mielies '!H15 -> 768.468 | C17: =Sojabone!F15 -> 462.468 | D17: ='Sojabone Vermin bewerk'!F15 -> 462.468 | E17: =Graansorghum!D15 -> 768.468 | F17: ='Bes-mielies'!D15 -> 768.468
A18: ='Yellow-Roundup R mielies '!A16 -> Insetversekering / Input insurance
A19: ='Yellow-Roundup R mielies '!A17 -> Besproeiingskoste / Irrigation costs | F19: ='Bes-mielies'!D17 -> 11848.4
A20: ='Yellow-Roundup R mielies '!A18 -> Graanprysverskansing / Grain hedging | B20: ='Yellow-Roundup R mielies '!H18 -> 2080.2259 | C20: =Sojabone!F17 -> 682.56622 | D20: ='Sojabone Vermin bewerk'!F17 -> 659.14478 | F20: ='Bes-mielies'!D18 -> 3763.1394
A21: ='Yellow-Roundup R mielies '!A19 -> Kontrakstroop / Contract Harvesting
A22: ='Yellow-Roundup R mielies '!A20 -> Oesversekering / Harvest insurance | B22: ='Yellow-Roundup R mielies '!H20 -> 1317.8375 | C22: =Sojabone!F20 -> 808.583 | D22: ='Sojabone Vermin bewerk'!F20 -> 808.583 | E22: =Graansorghum!D20 -> 678.25 | F22: ='Bes-mielies'!D20 -> 1882.625
A23: ='Yellow-Roundup R mielies '!A21 -> Lugspuit / Aerial spray | B23: ='Yellow-Roundup R mielies '!H21 -> 200 | C23: =Sojabone!F21 -> 200 | D23: ='Sojabone Vermin bewerk'!F21 -> 200 | E23: =Graansorghum!D21 -> 200 | F23: ='Bes-mielies'!D21 -> 200
A24: ='Yellow-Roundup R mielies '!A22 -> Losarbeid / Casual labour | B24: ='Yellow-Roundup R mielies '!H22 -> 500 | C24: =Sojabone!F22 -> 500 | D24: ='Sojabone Vermin bewerk'!F22 -> 500 | E24: =Graansorghum!D22 -> 500 | F24: ='Bes-mielies'!D22 -> 500
A25: ='Yellow-Roundup R mielies '!A23 -> Droogkoste / Drying cost
A26: ='Yellow-Roundup R mielies '!A24 -> Verpakking en Pakmateriaal / Packaging and packaging material
A27: ='Yellow-Roundup R mielies '!A25 -> Produksiekrediet rente / Interest on production R/ha | B27: ='Yellow-Roundup R mielies '!H25 -> 1446.6311 | C27: =Sojabone!F25 -> 863.9029 | D27: ='Sojabone Vermin bewerk'!F25 -> 834.2591 | E27: =Graansorghum!D25 -> 759.81059 | F27: ='Bes-mielies'!D25 -> 2616.9631
A28: TOTAL VARIABLE EXPENDITURE (R/ha) | B28: =SUM(B11:B27) -> 25065.098 | C28: =SUM(C11:C27) -> 14968.44 | D28: =SUM(D11:D27) -> 14454.816 | E28: =SUM(E11:E27) -> 13164.881 | F28: =SUM(F11:F27) -> 45342.891
A30: TOTAL FIXED COST (R/ha) | B30: ='Yellow-Roundup R mielies '!D28 -> 8315.9 | C30: =Sojabone!F28 -> 7127.57 | D30: ='Sojabone Vermin bewerk'!F28 -> 4159.01 | E30: =Graansorghum!E28 -> 7495.07 | F30: ='Bes-mielies'!G28 -> 9055.08
A32: TOTAL COST (R/ha) | B32: =B28+B30 -> 33380.998 | C32: =C28+C30 -> 22096.01 | D32: =D28+D30 -> 18613.826 | E32: =E28+E30 -> 20659.951 | F32: =F28+F30 -> 54397.971
A34: 3) GROSS MARGIN (R/ha) | B34: =B8-B28 -> 3215.5274 | C34: =C8-C28 -> 3062.9609 | D34: =D8-D28 -> 3576.585 | E34: =E8-E28 -> 3533.0935 | F34: =F8-F28 -> -7635.3905
A35: 4) NETT MARGIN (R/ha) | B35: =B8-B32 -> -5100.3726 | C35: =C8-C32 -> -4064.6091 | D35: =D8-D32 -> -582.42497 | E35: =E8-E32 -> -3961.9765 | F35: =F8-F32 -> -16690.471
A37: Disclaimer: The information herein has been obtained from various sources, the accuracy and/or completeness of which Grain SA does not guarantee and for which Grain SA accepts no liability. Any prices or levels contained herein are preliminary and indicative only and do not represent bids or offers. These indications are provided solely for your information and consideration.
A58: SUMMARY
B59: =B2 -> Maize (RR) | D59: =C2 -> Soybean | E59: =D2 -> Soy bean (min tillage) | F59: =E2 -> Grain Sorghum | G59: =F2 -> Irr-Maize
A60: SAFEX: Estimated Price | B60: =B5 -> 4177 | D60: =C5 -> 8345 | E60: =D5 -> 8345 | F60: =E5 -> 3500 | G60: =F5 -> 4177
A61: LGO (ton/ha) | B61: =B4 -> 7.5 | D61: =C4 -> 2.23 | E61: =D4 -> 2.23 | F61: =E4 -> 4.9 | G61: =F4 -> 10
A63: 1) INCOME
A64: Net Farm Gate Price (R/ha) | B64: =B7 -> 3770.75 | D64: =C7 -> 8085.83 | E64: =D7 -> 8085.83 | F64: =E7 -> 3407.75 | G64: =F7 -> 3770.75
A65: Net Farm Gate Price (R/ton) | B65: =B64/B61 -> 502.76667 | D65: =D64/D61 -> 3625.9327 | E65: =E64/E61 -> 3625.9327 | F65: =F64/F61 -> 695.45918 | G65: =G64/G61 -> 377.075
A67: 2) EXPENDITURES
A68: Total variable cost (R/ha) | B68: =B28 -> 25065.098 | D68: =C28 -> 14968.44 | E68: =D28 -> 14454.816 | F68: =E28 -> 13164.881 | G68: =F28 -> 45342.891
A69: Total variable cost (R/ton) | B69: =B68/B61 -> 3342.013 | D69: =D68/D61 -> 6712.3049 | E69: =E68/E61 -> 6481.9802 | F69: =F68/F61 -> 2686.7105 | G69: =G68/G61 -> 4534.2891
A71: Total variable & fixed expenditure (R/ha) | B71: =B32 -> 33380.998 | D71: =C32 -> 22096.01 | E71: =D32 -> 18613.826 | F71: =E32 -> 20659.951 | G71: =F32 -> 54397.971
A72: Total variable & fixed expenditure (R/ton) | B72: =B71/B61 -> 4450.7997 | D72: =D71/D61 -> 9908.5247 | E72: =E71/E61 -> 8347.0071 | F72: =F71/F61 -> 4216.3166 | G72: =G71/G61 -> 5439.7971
A74: 3) MARGIN
A75: Gross margin (R/ha) | B75: =B34 -> 3215.5274 | D75: =C34 -> 3062.9609 | E75: =D34 -> 3576.585 | F75: =E34 -> 3533.0935 | G75: =F34 -> -7635.3905
A76: Gross margin (R/ton) | B76: =B75/B61 -> 428.73699 | D76: =D75/D61 -> 1373.5251 | E76: =E75/E61 -> 1603.8498 | F76: =F75/F61 -> 721.0395 | G76: =G75/G61 -> -763.53905
A78: Nett margin (R/ha) | B78: =B35 -> -5100.3726 | D78: =C35 -> -4064.6091 | E78: =D35 -> -582.42497 | F78: =E35 -> -3961.9765 | G78: =F35 -> -16690.471
A79: Net margin (R/ton) | B79: =B78/B4 -> -680.04968 | D79: =D78/C4 -> -1822.6947 | E79: =E78/D4 -> -261.17711 | F79: =F78/E4 -> -808.56663 | G79: =G78/F4 -> -1669.0471
A81: BREAK-EVEN & PROFITABILITY (ONLY variable cost)
A82: Break-even yields (t/ha) | B82: =B68/B64 -> 6.6472446 | D82: =D68/D64 -> 1.851194 | E82: =E68/E64 -> 1.7876725 | F82: =F68/F64 -> 3.8632181 | G82: =G68/G64 -> 12.0249
A83: Break-even Safex price (t/ha) | B83: =B69+B6 -> 3748.263 | D83: =D69+C6 -> 6971.4749 | E83: =E69+D6 -> 6741.1502 | F83: =F69+E6 -> 2778.9605 | G83: =G69+F6 -> 4940.5391
A84: BREAK-EVEN & PROFITABILITY (variable & fixed cost)
A85: Break-even yields (t/ha) | B85: =B71/B64 -> 8.8526149 | D85: =D71/D64 -> 2.732683 | E85: =E71/E64 -> 2.3020303 | F85: =F71/F64 -> 6.0626371 | G85: =G71/G64 -> 14.4263
A86: Break-even Safex price (t/ha) | B86: =B72+B6 -> 4857.0497 | D86: =D72+C6 -> 10167.695 | E86: =E72+D6 -> 8606.1771 | F86: =F72+E6 -> 4308.5666 | G86: =G72+F6 -> 5846.0471

Sheet Grafieke
A1: Winsgewendheid: Mielies | D1: Pointer
A2: Start | B2: 0 | C2: 0 | D2: % NM van tot | F2: =((B4+B3+F7)/B7)*100 -> 45.864224
A3: Veranderlike koste | B3: ='Crop Comparison'!B28 -> 25065.098 | C3: =B3/$B$7*100 -> 40.649429 | D3: Pointer | F3: 1
A4: Vaste koste | B4: ='Crop Comparison'!B30 -> 8315.9 | C4: =B4/$B$7*100 -> 13.486346 | D4: End | F4: =C7-F3-F2 -> 153.13578
A5: Totale inkomste | B5: ='Crop Comparison'!B8 -> 28280.625 | C5: =B5/$B$7*100 -> 45.864224
A6: Max | C6: 100
A7: Totaal | B7: =SUM(B3:B5) -> 61661.623 | C7: =SUM(C2:C6) -> 200 | D7: Netto Marge | F7: =B5-(B3+B4) -> -5100.3726
A15: Winsgewendheid: Sojabone | D15: Pointer
A16: Start | B16: 0 | C16: 0 | D16: % NM van tot | F16: =((B18+B17+F21)/B21)*100 -> 49.205319
A17: Veranderlike koste | B17: ='Crop Comparison'!D28 -> 14454.816 | C17: =B17/$B$21*100 -> 39.44529 | D17: Pointer | F17: 1
A18: Vaste koste | B18: ='Crop Comparison'!D30 -> 4159.01 | C18: =B18/$B$21*100 -> 11.349391 | D18: End | F18: =C21-F17-F16 -> 149.79468
A19: Totale inkomste | B19: ='Crop Comparison'!D8 -> 18031.401 | C19: =B19/$B$21*100 -> 49.205319
A20: Max | C20: 100
A21: Totaal | B21: =SUM(B17:B19) -> 36645.227 | C21: =SUM(C16:C20) -> 200 | D21: Netto Marge | F21: =B19-(B17+B18) -> -582.42497
A30: Winsgewendheid: Sorghum | D30: Pointer
A31: Start | B31: 0 | C31: 0 | D31: % NM van tot | F31: =((B33+B32+F36)/B36)*100 -> 44.697275
A32: Veranderlike koste | B32: ='Crop Comparison'!E28 -> 13164.881 | C32: =B32/$B$36*100 -> 35.239861 | D32: Pointer | F32: 1
A33: Vaste koste | B33: ='Crop Comparison'!E30 -> 7495.07 | C33: =B33/$B$36*100 -> 20.062864 | D33: End | F33: =C36-F32-F31 -> 154.30273
A34: Totale inkomste | B34: ='Crop Comparison'!E8 -> 16697.975 | C34: =B34/$B$36*100 -> 44.697275
A35: Max | C35: 100
A36: Totaal | B36: =SUM(B32:B34) -> 37357.926 | C36: =SUM(C31:C35) -> 200 | D36: Netto Marge | F36: =B34-(B32+B33) -> -3961.9765
